Workbook
Name Additional_Factor: 'אפשרויות בחירה'!$C$706:$C$854
Name Amoritization: 'אפשרויות בחירה'!$C$544:$C$548
Name Capsule: 'אפשרויות בחירה'!$C$934:$C$936
Name Company_Name: 'File Name Info'!$A$34:$A$130
Name Company_Name_ID: 'File Name Info'!$A$34:$B$130
Name Consortium: 'אפשרויות בחירה'!$C$512:$C$513
Name Country_list: 'אפשרויות בחירה'!$C$4:$C$85
Name Country_list_funds: 'אפשרויות בחירה'!$C$4:$C$103
Name CSA: 'אפשרויות בחירה'!$C$693:$C$694
Name Delivery: 'אפשרויות בחירה'!$C$670:$C$671
Name Dependence_Independence: 'אפשרויות בחירה'!$C$658:$C$659
Name Duration_Underlying_Interest_Rate: 'אפשרויות בחירה'!$C$685:$C$692
Name File_Type: 'File Name Info'!$A$10:$A$12
Name Full_File_Type: 'File Name Info'!$A$11:$B$13
Name Full_Type: 'File Name Info'!$A$2:$B$8
Name Full_Type_Nostro: 'File Name Info'!$A$3:$B$6
Name Full_Year: 'File Name Info'!$A$22:$B$31
Name Fund_Strategy: 'אפשרויות בחירה'!$C$595:$C$625
Name Fund_type: 'אפשרויות בחירה'!$C$326:$C$496
Name Holding_interest: 'אפשרויות בחירה'!$C$146:$C$147
Name In_the_books: 'אפשרויות בחירה'!$C$660:$C$661
Name Industry_Sector: 'אפשרויות בחירה'!#REF!
Name Industry_sector_all: 'אפשרויות בחירה'!$C$202:$C$325
Name Industry_sectors: 'אפשרויות בחירה'!$C$202:$C$325
Name israel_abroad: 'אפשרויות בחירה'!$C$2:$C$3
Name Issuer_Number_Banks: 'אפשרויות בחירה'!$C$111:$C$113
Name Issuer_Number_Fund: 'אפשרויות בחירה'!$C$114:$C$117
Name issuer_number_loan: 'אפשרויות בחירה'!$C$118:$C$126
Name Issuer_Number_Type: 'אפשרויות בחירה'!$C$104:$C$110
Name Issuer_Number_Type_2: 'אפשרויות בחירה'!#REF!
Name Issuer_Number_Type_3: 'אפשרויות בחירה'!#REF!
Name Issuer_Number_Type_V2: 'אפשרויות בחירה'!$C$104:$C$110
Name Issuer_Type_TFunds: 'אפשרויות בחירה'!#REF!
Name Leading_factor: 'אפשרויות בחירה'!$C$697:$C$705
Name Linked_Type: 'אפשרויות בחירה'!$C$514:$C$517
Name other_investments: 'אפשרויות בחירה'!$C$1018:$C$1051
Name Penalty: 'אפשרויות בחירה'!$C$855:$C$856
Name QTR: 'File Name Info'!$A$15:$A$19
Name Rating_Agency: 'אפשרויות בחירה'!$C$188:$C$201
Name real_estate_lifestage: 'אפשרויות בחירה'!$C$638:$C$646
Name real_estate_loans: 'אפשרויות בחירה'!$C$551:$C$589
Name Real_Estate_Main_Use: 'אפשרויות בחירה'!$C$626:$C$637
Name Recourse_Nonrecourse: 'אפשרויות בחירה'!$C$542:$C$543
Name Repayment_Rights: 'אפשרויות בחירה'!$C$549:$C$550
Name Reset_frequency: 'אפשרויות בחירה'!$C$662:$C$669
Name Security_ID_Number_Type: 'אפשרויות בחירה'!#REF!
Name Security_Number_Loans: 'אפשרויות בחירה'!$C$131
Name Stock_Exchange: 'אפשרויות בחירה'!#REF!
Name Stock_Exchange_Gov_Bonds: 'אפשרויות בחירה'!$C$148:$C$181
Name Subordination_Risk: 'אפשרויות בחירה'!$C$186:$C$187
Name Tradeable_Status: 'אפשרויות בחירה'!#REF!
Name Tradeable_Status_All: 'אפשרויות בחירה'!$C$135:$C$145
Name tradeable_status_bonds: 'אפשרויות בחירה'!#REF!
Name tradeable_status_funds: 'אפשרויות בחירה'!#REF!
Name tradeable_status_stock: 'אפשרויות בחירה'!#REF!
Name Tradeable_Status_v2: 'אפשרויות בחירה'!#REF!
Name tradeable_status_warrants: 'אפשרויות בחירה'!#REF!
Name tradeable_status_warrants_v2: 'אפשרויות בחירה'!#REF!
Name Transaction: 'אפשרויות בחירה'!$C$647:$C$650
Name Type: 'File Name Info'!$A$2:$A$8

Sheet עמוד פתיחה
A1: קובץ דיווח עבור רשימת נכסים ברמת הנכס הבודד (חוזר גופים מוסדיים 2015-9-14)
A3: יש לבחור תחום: | D3: נכסי עמיתים - קרנות פנסיה
A5: האם מדובר בקובץ לממומנה או לציבור: | D5: לציבור
A7: יש לבחור את רבעון הדיווח: | D7: 2
A9: יש לבחור את שנת הדיווח: | D9: 2026
A11: יש לבחור את הגוף המוסדי: | D11: קופת הפנסיה לעובדי הדסה בעמ
A13: ח.פ. הגוף המוסדי: | D13: 520022963
A15: שם קובץ לשמירה | D15: 520022963_pn_p_0226.xlsx
A17: פרטי האחראי על הדיווח בגוף המוסדי | B17: שם:
B19: מספר טלפון:
B21: כתובת מייל:
A23: הוראות למילוי הדיווח: | D23: יש לדווח לפי ההנחיות בחלק ג' לנספח 5.4.3.2 שבפרק 3 שבחלק 4 לשער 5 בחוזר המאוחד - "רשימת נכסים ברמת הנכס הבודד".

Sheet סכום נכסים
C1: ידווח בקבצי נכסי הנוסטרו בלבד
A2: אפיק | B2: שווי הוגן (באלפי ש"ח) | C2: עלות מופחתת (באלפי ש"ח) | D2: השיטה שיושמה בדוח הכספי | E2: שיעור מסך נכסי השקעה
A3: מזומנים ושווי מזומנים | B3: =SUM('מזומנים ושווי מזומנים'!O:O) -> 85056.347 | E3: =IFERROR(B3/$B$30,0) -> 0.020752488
A4: איגרות חוב ממשלתיות | B4: =SUM('איגרות חוב ממשלתיות'!U:U) -> 506146.74 | E4: =IFERROR(B4/$B$30,0) -> 0.1234923
A5: ניירות ערך מסחריים | B5: =SUM('ניירות ערך מסחריים'!AD:AD) -> 0 | E5: =IFERROR(B5/$B$30,0) -> 0
A6: איגרות חוב | B6: =SUM('איגרות חוב'!AD:AD) -> 65347.225 | E6: =IFERROR(B6/$B$30,0) -> 0.015943754
A7: מניות מבכ ויהש | B7: =SUM('מניות מבכ ויהש'!U:U) -> 62160.949 | E7: =IFERROR(B7/$B$30,0) -> 0.01516635
A8: קרנות סל | B8: =SUM('קרנות סל'!T:T) -> 316940.3 | E8: =IFERROR(B8/$B$30,0) -> 0.077328735
A9: קרנות נאמנות | B9: =SUM('קרנות נאמנות'!T:T) -> 16662.929 | E9: =IFERROR(B9/$B$30,0) -> 0.0040655078
A10: כתבי אופציה | B10: =SUM('כתבי אופציה'!W:W) -> 0 | E10: =IFERROR(B10/$B$30,0) -> 0
A11: אופציות | B11: =SUM(אופציות!V:V) -> 0 | E11: =IFERROR(B11/$B$30,0) -> 0
A12: חוזים עתידיים | B12: =SUM('חוזים עתידיים'!R:R) -> 0 | E12: =IFERROR(B12/$B$30,0) -> 0
A13: מוצרים מובנים | B13: =SUM('מוצרים מובנים'!Z:Z) -> 0 | E13: =IFERROR(B13/$B$30,0) -> 0
A14: לא סחיר איגרות חוב ממשלתיות | B14: =SUM('לא סחיר איגרות חוב ממשלתיות'!U:U) -> 0 | E14: =IFERROR(B14/$B$30,0) -> 0
A15: לא סחיר איגרות חוב מיועדות | B15: =SUM('לא סחיר איגרות חוב מיועדות'!N:N) -> 820394.12 | E15: =IFERROR(B15/$B$30,0) -> 0.200164
A16: אפיק השקעה מובטח תשואה | B16: =SUM('אפיק השקעה מובטח תשואה'!F:F) -> 0 | E16: =IFERROR(B16/$B$30,0) -> 0
A17: לא סחיר ניירות ערך מסחריים | B17: =SUM('לא סחיר ניירות ערך מסחריים'!AI:AI) -> 0 | E17: =IFERROR(B17/$B$30,0) -> 0
A18: לא סחיר איגרות חוב | B18: =SUM('לא סחיר איגרות חוב'!AG:AG) -> 12646.138 | E18: =IFERROR(B18/$B$30,0) -> 0.0030854702
A19: לא סחיר מניות מבכ ויהש | B19: =SUM('לא סחיר מניות מבכ ויהש'!X:X) -> 0 | E19: =IFERROR(B19/$B$30,0) -> 0
A20: קרנות השקעה | B20: =SUM('קרנות השקעה'!W:W) -> 2480.2811 | E20: =IFERROR(B20/$B$30,0) -> 0.00060515181
A21: לא סחיר כתבי אופציה | B21: =SUM('לא סחיר כתבי אופציה'!Z:Z) -> 0 | E21: =IFERROR(B21/$B$30,0) -> 0
A22: לא סחיר אופציות | B22: =SUM('לא סחיר אופציות'!Z:Z) -> 0 | E22: =IFERROR(B22/$B$30,0) -> 0
A23: לא סחיר נגזרים אחרים | B23: =SUM('לא סחיר נגזרים אחרים'!R:R) -> 2989.5073 | E23: =IFERROR(B23/$B$30,0) -> 0.00072939548
A24: הלוואות | B24: =SUM(הלוואות!AT:AT) -> 12479.87 | E24: =IFERROR(B24/$B$30,0) -> 0.0030449033
A25: לא סחיר מוצרים מובנים | B25: =SUM('לא סחיר מוצרים מובנים'!AB:AB) -> 0 | E25: =IFERROR(B25/$B$30,0) -> 0
A26: פיקדונות מעל 3 חודשים | B26: =SUM('פיקדונות מעל 3 חודשים'!T:T) -> 31062.725 | E26: =IFERROR(B26/$B$30,0) -> 0.0075788444
A27: זכויות מקרקעין | B27: =SUM('זכויות מקרקעין'!S:S) -> 0 | E27: =IFERROR(B27/$B$30,0) -> 0
A28: השקעה בחברות מוחזקות | B28: =SUM('השקעה בחברות מוחזקות'!U:U) -> 0 | E28: =IFERROR(B28/$B$30,0) -> 0
A29: נכסים אחרים | B29: =SUM('נכסים אחרים'!N:N) -> 2164242.5 | E29: =IFERROR(B29/$B$30,0) -> 0.5280431
A30: סך הכל נכסים | B30: =SUM(B3:B29) -> 4098609.7 | D30: 0 | E30: =IFERROR(B30/$B$30,0) -> 1
A31: מסגרות אשראי | B31: 97.337
A32: יתרות התחייבות להשקעה | D32: =SUM('יתרות התחייבות להשקעה'!O:O) -> 0

Sheet מזומנים ושווי מזומנים
A1: מספר קופה/קרן/ח.פ. עבור חברת ביטוח | B1: מספר מסלול | C1: שם הבנק | D1: מספר מזהה בנק | E1: סוג מספר מזהה בנק | F1: מאפיין עיקרי | G1: ישראל/חו"ל | H1: בעל עניין/צד קשור | I1: דירוג הבנק | J1: שם מדרג | K1: מטבע פעילות | L1: שווי מטבעי | M1: שער חליפין | N1: שיעור ריבית | O1: שווי הוגן (באלפי ש"ח) | P1: שיעור מנכסי אפיק ההשקעה | Q1: שיעור מסך נכסי ההשקעה
A2: 274 | B2: 274 | C2: בנק הפועלים | D2: 12-600 | E2: סימול בנק | F2: מזומן ועו"ש נקוב במט"ח | G2: ישראל | H2: לא | I2: ilAAA | J2: S&P מעלות | K2: EUR | L2: 195.34548 | M2: 3.3945 | O2: 663.10023 | P2: 0.007796 | Q2: 0.000161
A3: 274 | B3: 274 | C3: יו-בנק | D3: 26-273 | E3: סימול בנק | F3: מזומן ועו"ש בש"ח | G3: ישראל | H3: לא | I3: ilAAA | J3: S&P מעלות | K3: ILS | L3: 2.85829 | M3: 1 | O3: 2.85829 | P3: 3.3e-05 | Q3: 0
A4: 274 | B4: 274 | C4: בנק לאומי | D4: 10-800 | E4: סימול בנק | F4: מזומן ועו"ש נקוב במט"ח | G4: ישראל | H4: לא | I4: ilAAA | J4: S&P מעלות | K4: JPY | L4: 43.22717 | M4: 0.018341 | O4: 0.79283 | P4: 9e-06 | Q4: 0
A5: 274 | B5: 274 | C5: בנק לאומי | D5: 10-800 | E5: סימול בנק | F5: פק"מ לתקופה של עד שלושה חודשים | G5: ישראל | H5: לא | I5: ilAAA | J5: S&P מעלות | K5: ILS | L5: 25004.904 | M5: 1 | O5: 25004.904 | P5: 0.293979 | Q5: 0.0061
A6: 274 | B6: 274 | C6: בנק דיסקונט | D6: 11-10 | E6: סימול בנק | F6: מזומן ועו"ש נקוב במט"ח | G6: ישראל | H6: לא | I6: ilAAA | J6: S&P מעלות | K6: EUR | L6: 0.1 | M6: 3.3945 | O6: 0.33945 | P6: 3e-06 | Q6: 0
A7: 274 | B7: 274 | C7: בנק לאומי | D7: 10-800 | E7: סימול בנק | F7: מזומן ועו"ש נקוב במט"ח | G7: ישראל | H7: לא | I7: ilAAA | J7: S&P מעלות | K7: CAD | L7: 23.09642 | M7: 2.0917 | O7: 48.31078 | P7: 0.000567 | Q7: 1.1e-05
A8: 274 | B8: 274 | C8: בנק מזרחי | D8: 20-21 | E8: סימול בנק | F8: מזומן ועו"ש נקוב במט"ח | G8: ישראל | H8: לא | I8: ilAAA | J8: S&P מעלות | K8: EUR | L8: 171.8568 | M8: 3.3945 | O8: 583.36791 | P8: 0.006858 | Q8: 0.000142
A9: 274 | B9: 274 | C9: בנק הפועלים | D9: 12-600 | E9: סימול בנק | F9: מזומן ועו"ש בש"ח | G9: ישראל | H9: לא | I9: ilAAA | J9: S&P מעלות | K9: ILS | L9: 23534.27 | M9: 1 | O9: 23534.27 | P9: 0.27669 | Q9: 0.005741
A10: 274 | B10: 274 | C10: בנק מזרחי | D10: 20-21 | E10: סימול בנק | F10: מזומן ועו"ש נקוב במט"ח | G10: ישראל | H10: לא | I10: ilAAA | J10: S&P מעלות | K10: GBP | L10: 2.93416 | M10: 3.9389 | O10: 11.55736 | P10: 0.000135 | Q10: 2e-06
A11: 274 | B11: 274 | C11: בנק לאומי | D11: 10-800 | E11: סימול בנק | F11: מזומן ועו"ש נקוב במט"ח | G11: ישראל | H11: לא | I11: ilAAA | J11: S&P מעלות | K11: EUR | L11: 23.61183 | M11: 3.3945 | O11: 80.15036 | P11: 0.000942 | Q11: 1.9e-05
A12: 274 | B12: 274 | C12: בנק הפועלים | D12: 12-600 | E12: סימול בנק | F12: מזומן ועו"ש נקוב במט"ח | G12: ישראל | H12: לא | I12: ilAAA | J12: S&P מעלות | K12: USD | L12: 1779.3681 | M12: 2.978 | O12: 5298.9582 | P12: 0.062299 | Q12: 0.001292
A13: 274 | B13: 274 | C13: יו-בנק | D13: 26-273 | E13: סימול בנק | F13: מזומן ועו"ש נקוב במט"ח | G13: ישראל | H13: לא | I13: ilAAA | J13: S&P מעלות | K13: USD | L13: 1.16926 | M13: 2.978 | O13: 3.48206 | P13: 4e-05 | Q13: 0
... A26: 274 | B26: 274 | C26: בנק הפועלים | D26: 12-600 | E26: סימול בנק | F26: מזומן ועו"ש נקוב במט"ח | G26: ישראל | H26: לא | I26: ilAAA | J26: S&P מעלות | K26: JPY | L26: 2525.347 | M26: 0.018341 | O26: 46.31739 | P26: 0.000544 | Q26: 1.1e-05

Sheet איגרות חוב ממשלתיות
A1: מספר קופה/קרן/ח.פ. עבור חברת ביטוח | B1: מספר מסלול | C1: שם מנפיק | D1: שם נייר ערך | E1: מספר נייר ערך | F1: מאפיין עיקרי | G1: ישראל/חו"ל | H1: מדינה לפי חשיפה כלכלית | I1: זירת מסחר | J1: דירוג | K1: שם מדרג | L1: מטבע פעילות | M1: מח"מ | N1: מועד פדיון | O1: שיעור ריבית | P1: תשואה לפדיון | Q1: סכום לקבל (במטבע הפעילות) | R1: ערך נקוב (יחידות) | S1: שער חליפין | T1: שער נייר הערך | U1: שווי הוגן (באלפי ש"ח) | V1: עלות מופחתת (באלפי ש"ח) | W1: השיטה שיושמה בדוח הכספי | X1: שיעור מערך נקוב מונפק | Y1: שיעור מנכסי אפיק ההשקעה | Z1: שיעור מסך נכסי ההשקעה
A2: 274 | B2: 274 | C2: ממשלת ישראל | D2: ממשל שקלית 0330 | E2: IL0011609851 | F2: לא צמוד למדד המחירים לצרכן ריבית קבועה | G2: ישראל | H2: ישראל | I2: TASE | J2: ilRF | K2: S&P מעלות | L2: ILS | M2: 3.69 | N2: 47573 | O2: 0.01 | P2: 0.0336 | Q2: 0 | R2: 756821 | S2: 1 | T2: 92.07 | U2: 696.80509 | X2: 2e-05 | Y2: 0.001376 | Z2: 0.00017
A3: 274 | B3: 274 | C3: ממשלת ישראל | D3: ממשל צמודה 1033 | E3: IL0012043795 | F3: צמוד למדד המחירים לצרכן בריבית קבועה | G3: ישראל | H3: ישראל | I3: TASE | J3: ilRF | K3: S&P מעלות | L3: ILS | M3: 6.91 | N3: 48883 | O3: 0.016 | P3: 0.018 | Q3: 0 | R3: 10973000 | S3: 1 | T3: 106.86 | U3: 11725.748 | X3: 0.000342 | Y3: 0.023166 | Z3: 0.00286
A4: 274 | B4: 274 | C4: ממשלת ישראל | D4: ממשלתי שקלי 347 | E4: IL0011401937 | F4: לא צמוד למדד המחירים לצרכן ריבית קבועה | G4: ישראל | H4: ישראל | I4: TASE | J4: ilRF | K4: S&P מעלות | L4: ILS | M4: 14.47 | N4: 53782 | O4: 0.0375 | P4: 0.0413 | Q4: 0 | R4: 547231 | S4: 1 | T4: 95.7 | U4: 523.70007 | X4: 1.9e-05 | Y4: 0.001034 | Z4: 0.000127
A5: 274 | B5: 274 | C5: ממשלת ישראל | D5: ממשלתי צמוד 1151 | E5: IL0011683013 | F5: צמוד למדד המחירים לצרכן בריבית קבועה | G5: ישראל | H5: ישראל | I5: TASE | J5: ilRF | K5: S&P מעלות | L5: ILS | M5: 23.39 | N5: 55487 | O5: 0.005 | P5: 0.0226 | Q5: 0 | R5: 169790605 | S5: 1 | T5: 79.3 | U5: 134643.95 | X5: 0.00528 | Y5: 0.266017 | Z5: 0.032851
A6: 274 | B6: 274 | C6: ממשלת ישראל | D6: ממשלתי צמוד 0841 | E6: IL0011205833 | F6: צמוד למדד המחירים לצרכן בריבית קבועה | G6: ישראל | H6: ישראל | I6: TASE | J6: ilRF | K6: S&P מעלות | L6: ILS | M6: 12.48 | N6: 51744 | O6: 0.0275 | P6: 0.0206 | Q6: 0 | R6: 38734531 | S6: 1 | T6: 142 | U6: 55003.034 | X6: 0.00188 | Y6: 0.10867 | Z6: 0.013419
A7: 274 | B7: 274 | C7: ממשלת ישראל | D7: ממשלתי צמוד 0545 | E7: IL0011348658 | F7: צמוד למדד המחירים לצרכן בריבית קבועה | G7: ישראל | H7: ישראל | I7: TASE | J7: ilRF | K7: S&P מעלות | L7: ILS | M7: 17.11 | N7: 53113 | O7: 0.01 | P7: 0.0216 | Q7: 0 | R7: 57253516 | S7: 1 | T7: 99 | U7: 56680.981 | X7: 0.002523 | Y7: 0.111985 | Z7: 0.013829
A8: 274 | B8: 274 | C8: ממשלת ישראל | D8: ממשלתי שקלי 1152 | E8: IL0011840761 | F8: לא צמוד למדד המחירים לצרכן ריבית קבועה | G8: ישראל | H8: ישראל | I8: TASE | J8: ilRF | K8: S&P מעלות | L8: ILS | M8: 17.44 | N8: 55852 | O8: 0.028 | P8: 0.043 | Q8: 0 | R8: 30329383 | S8: 1 | T8: 78.16 | U8: 23705.446 | X8: 0.000834 | Y8: 0.046835 | Z8: 0.005783
A9: 274 | B9: 274 | C9: ממשלת ישראל | D9: ממשלתי צמוד 0536 | E9: IL0010977085 | F9: צמוד למדד המחירים לצרכן בריבית קבועה | G9: ישראל | H9: ישראל | I9: TASE | J9: ilRF | K9: S&P מעלות | L9: ILS | M9: 8.51 | N9: 49825 | O9: 0.04 | P9: 0.0187 | Q9: 0 | R9: 61925738 | S9: 1 | T9: 169.52 | U9: 104976.51 | X9: 0.003886 | Y9: 0.207403 | Z9: 0.025612
A10: 274 | B10: 274 | C10: ממשלת ישראל | D10: ממשל צמודה 0726 | E10: IL0011695645 | F10: צמוד למדד המחירים לצרכן בריבית קבועה | G10: ישראל | H10: ישראל | I10: TASE | J10: ilRF | K10: S&P מעלות | L10: ILS | M10: 0.08 | N10: 46234 | O10: 0.001 | P10: 0.0484 | Q10: 0 | R10: 5313038 | S10: 1 | T10: 119.09 | U10: 6327.2969 | X10: 0.000441 | Y10: 0.0125 | Z10: 0.001543
A11: 274 | B11: 274 | C11: ממשלת ישראל | D11: ממשלתי שקלי 142 | E11: IL0011254005 | F11: לא צמוד למדד המחירים לצרכן ריבית קבועה | G11: ישראל | H11: ישראל | I11: TASE | J11: ilRF | K11: S&P מעלות | L11: ILS | M11: 11.06 | N11: 51897 | O11: 0.055 | P11: 0.0394 | Q11: 0 | R11: 1550236 | S11: 1 | T11: 120.13 | U11: 1862.2985 | X11: 4.2e-05 | Y11: 0.003679 | Z11: 0.000454
A12: 274 | B12: 274 | C12: ממשלת ישראל | D12: ממשלתי 0928 | E12: IL0011508798 | F12: לא צמוד למדד המחירים לצרכן ריבית קבועה | G12: ישראל | H12: ישראל | I12: TASE | J12: ilRF | K12: S&P מעלות | L12: ILS | M12: 2.18 | N12: 47024 | O12: 0.0225 | P12: 0.0328 | Q12: 0 | R12: 45103 | S12: 1 | T12: 99.5 | U12: 44.87749 | X12: 1e-06 | Y12: 8.8e-05 | Z12: 1e-05
A13: 274 | B13: 274 | C13: ממשלת ישראל | D13: ממשלתי 0327 | E13: IL0011393449 | F13: לא צמוד למדד המחירים לצרכן ריבית קבועה | G13: ישראל | H13: ישראל | I13: TASE | J13: ilRF | K13: S&P מעלות | L13: ILS | M13: 0.75 | N13: 46477 | O13: 0.02 | P13: 0.0319 | Q13: 0 | R13: 13296396 | S13: 1 | T13: 99.63 | U13: 13247.199 | X13: 0.000471 | Y13: 0.026172 | Z13: 0.003232
... A19: 274 | B19: 274 | C19: US Government | D19: B 0 10/01/26 | E19: US912797SA68 | F19: מק"מ קצר משנים עשר חודשים | G19: חו"ל | H19: ארה"ב | I19: אחר | J19: Aa1 | K19: Moodys | L19: USD | M19: 0.25 | N19: 46296 | O19: 0 | P19: 0.0383 | Q19: 0 | R19: 188000 | S19: 2.978 | T19: 99.0471 | U19: 554.52912 | X19: 3e-06 | Y19: 0.001095 | Z19: 0.000135

Sheet ניירות ערך מסחריים
A1: מספר קופה/קרן/ח.פ. עבור חברת ביטוח | B1: מספר מסלול | C1: שם מנפיק | D1: מספר מנפיק | E1: סוג מספר מזהה מנפיק | F1: שם נייר ערך | G1: מספר נייר ערך | H1: סוג מספר נייר ערך | I1: מאפיין עיקרי | J1: ישראל/חו"ל | K1: מדינה לפי חשיפה כלכלית | L1: זירת מסחר | M1: ענף מסחר | N1: בעל עניין/צד קשור | O1: דירוג | P1: שם מדרג | Q1: דירוג נייר הערך/המנפיק | R1: מטבע פעילות | S1: מח"מ | T1: ריבית עוגן | U1: מועד פדיון | V1: שיעור ריבית | W1: תשואה לפדיון | X1: נחיתות חוזית | Y1: האם סווג כחוב בעייתי | Z1: ערך נקוב (יחידות) | AA1: שער חליפין | AB1: שער נייר הערך | AC1: סכום לקבל (במטבע הפעילות) | AD1: שווי הוגן (באלפי ש"ח) | AE1: עלות מופחתת (באלפי ש"ח) | AF1: עלות מופחתת (במטבע הפעילות) | AG1: השיטה שיושמה בדוח הכספי | AH1: שיעור מערך נקוב מונפק | AI1: שיעור מנכסי אפיק ההשקעה | AJ1: שיעור מסך נכסי ההשקעה
A2: 274 | B2: 274

Sheet איגרות חוב
A1: מספר קופה/קרן/ח.פ. עבור חברת ביטוח | B1: מספר מסלול | C1: שם מנפיק | D1: מספר מנפיק | E1: סוג מספר מזהה מנפיק | F1: שם נייר ערך | G1: מספר נייר ערך | H1: סוג מספר נייר ערך | I1: מאפיין עיקרי | J1: ישראל/חו"ל | K1: מדינה לפי חשיפה כלכלית | L1: סטאטוס סחירות | M1: זירת מסחר | N1: ענף מסחר | O1: בעל עניין/צד קשור | P1: דירוג | Q1: שם מדרג | R1: דירוג נייר הערך/המנפיק | S1: מטבע פעילות | T1: מח"מ | U1: מועד פדיון | V1: שיעור ריבית | W1: תשואה לפדיון | X1: נחיתות חוזית | Y1: האם סווג כחוב בעייתי | Z1: ערך נקוב (יחידות) | AA1: שער חליפין | AB1: שער נייר הערך | AC1: סכום לקבל (במטבע הפעילות) | AD1: שווי הוגן (באלפי ש"ח) | AE1: עלות מופחתת (באלפי ש"ח) | AF1: עלות מופחתת (במטבע הפעילות) | AG1: השיטה שיושמה בדוח הכספי | AH1: שיעור מערך נקוב מונפק | AI1: שיעור מנכסי אפיק ההשקעה | AJ1: שיעור מסך נכסי ההשקעה
A2: 274 | B2: 274 | C2: מזרחי טפחות הנפקות | D2: 520032046 | E2: ח.פ. | F2: מזרחי טפחות הנפקות 64 | G2: IL0023105559 | H2: ISIN | I2: צמוד למדד המחירים לצרכן | J2: ישראל | K2: ישראל | L2: סחיר | M2: TASE | N2: בנקים | O2: לא | P2: ilAAA | Q2: S&P מעלות | R2: נייר ערך | S2: ILS | T2: 2.74 | U2: 47950 | V2: 0.001 | W2: 0.0214 | X2: החוב לא נחות | Z2: 717681.45 | AA2: 1 | AB2: 108.95 | AC2: 0 | AD2: 781.91394 | AH2: 0.000385 | AI2: 0.011965 | AJ2: 0.00019
A3: 274 | B3: 274 | C3: קבוצת עזריאלי בע"מ | D3: 510960719 | E3: ח.פ. | F3: עזריאלי אגח ה | G3: IL0011566036 | H3: ISIN | I3: צמוד למדד המחירים לצרכן | J3: ישראל | K3: ישראל | L3: סחיר | M3: TASE | N3: נדל"ן מניב בישראל | O3: לא | P3: Aa1.il | Q3: מידרוג Moodys | R3: נייר ערך | S3: ILS | T3: 1.48 | U3: 46934 | V3: 0.0177 | W3: 0.0229 | X3: החוב לא נחות | Z3: 763500 | AA3: 1 | AB3: 118.43 | AC3: 0 | AD3: 904.21305 | AH3: 0.00047 | AI3: 0.013837 | AJ3: 0.00022
A4: 274 | B4: 274 | C4: לאומי | D4: 520018078 | E4: ח.פ. | F4: לאומי 183 | G4: IL0060405474 | H4: ISIN | I4: צמוד למדד המחירים לצרכן | J4: ישראל | K4: ישראל | L4: סחיר | M4: TASE | N4: בנקים | O4: לא | P4: ilAAA | Q4: S&P מעלות | R4: נייר ערך | S4: ILS | T4: 3.4 | U4: 47447 | V4: 0.001 | W4: 0.0214 | X4: החוב לא נחות | Z4: 439628 | AA4: 1 | AB4: 108.74 | AC4: 0 | AD4: 478.05149 | AH4: 0.000102 | AI4: 0.007315 | AJ4: 0.000116
A5: 274 | B5: 274 | C5: מזרחי טפחות הנפקות | D5: 520032046 | E5: ח.פ. | F5: מזרחי טפחות הנפקות 46 | G5: IL0023102259 | H5: ISIN | I5: צמוד למדד המחירים לצרכן | J5: ישראל | K5: ישראל | L5: סחיר | M5: TASE | N5: בנקים | O5: לא | P5: ilAAA | Q5: S&P מעלות | R5: נייר ערך | S5: ILS | T5: 1.23 | U5: 46658 | V5: 0.0122 | W5: 0.0219 | X5: החוב לא נחות | Z5: 381114 | AA5: 1 | AB5: 120.2 | AC5: 0 | AD5: 458.09903 | AH5: 0.000126 | AI5: 0.00701 | AJ5: 0.000111
A6: 274 | B6: 274 | C6: בנק הפועלים | D6: 520000118 | E6: ח.פ. | F6: פועלים 200 | G6: IL0066204962 | H6: ISIN | I6: צמוד למדד המחירים לצרכן | J6: ישראל | K6: ישראל | L6: סחיר | M6: TASE | N6: בנקים | O6: לא | P6: Aaa.il | Q6: מידרוג Moodys | R6: נייר ערך | S6: ILS | T6: 2.88 | U6: 48191 | V6: 0.001 | W6: 0.0211 | X6: החוב לא נחות | Z6: 333742.03 | AA6: 1 | AB6: 109.94 | AC6: 0 | AD6: 366.91599 | AH6: 0.000395 | AI6: 0.005614 | AJ6: 8.9e-05
A7: 274 | B7: 274 | C7: מזרחי טפחות הנפקות | D7: 520032046 | E7: ח.פ. | F7: מז טפ הנ אגח 66 | G7: IL0011916678 | H7: ISIN | I7: צמוד למדד המחירים לצרכן | J7: ישראל | K7: ישראל | L7: סחיר | M7: TASE | N7: בנקים | O7: לא | P7: ilAAA | Q7: S&P מעלות | R7: נייר ערך | S7: ILS | T7: 2.83 | U7: 48190 | V7: 0.0164 | W7: 0.0209 | X7: החוב לא נחות | Z7: 344017.2 | AA7: 1 | AB7: 110.39 | AC7: 0 | AD7: 379.76059 | AH7: 0.000426 | AI7: 0.005811 | AJ7: 9.2e-05
A8: 274 | B8: 274 | C8: מקורות חברת מים בע"מ | D8: 520010869 | E8: ח.פ. | F8: מקורות סדרה 10 | G8: IL0011584682 | H8: ISIN | I8: צמוד למדד המחירים לצרכן | J8: ישראל | K8: ישראל | L8: סחיר | M8: TASE | N8: שרותים | O8: לא | P8: ilAAA | Q8: S&P מעלות | R8: נייר ערך | S8: ILS | T8: 1 | U8: 46752 | V8: 0.001 | W8: 0.0222 | X8: החוב לא נחות | Z8: 644800 | AA8: 1 | AB8: 115.12 | AC8: 0 | AD8: 742.29376 | AH8: 0.001505 | AI8: 0.011359 | AJ8: 0.000181
A9: 274 | B9: 274 | C9: בנק הפועלים | D9: 520000118 | E9: ח.פ. | F9: פועלים התח נד ז | G9: IL0011913295 | H9: ISIN | I9: צמוד למדד המחירים לצרכן | J9: ישראל | K9: ישראל | L9: סחיר | M9: TASE | N9: בנקים | O9: לא | P9: ilAA- | Q9: S&P מעלות | R9: נייר ערך | S9: ILS | T9: 2.33 | U9: 47086 | V9: 0.0309 | W9: 0.0238 | X9: החוב לא נחות | Z9: 600000 | AA9: 1 | AB9: 114.59 | AC9: 0 | AD9: 687.54 | AH9: 0.000631 | AI9: 0.010521 | AJ9: 0.000167
A10: 274 | B10: 274 | C10: דיסקונט מנפיקים בע"מ | D10: 520029935 | E10: ח.פ. | F10: דיסקונט מנפיקים אגח טו | G10: IL0074803045 | H10: ISIN | I10: צמוד למדד המחירים לצרכן | J10: ישראל | K10: ישראל | L10: סחיר | M10: TASE | N10: בנקים | O10: לא | P10: ilAAA | Q10: S&P מעלות | R10: נייר ערך | S10: ILS | T10: 3.05 | U10: 48441 | V10: 0.002 | W10: 0.0215 | X10: החוב לא נחות | Z10: 3895803.7 | AA10: 1 | AB10: 109.76 | AC10: 0 | AD10: 4276.0342 | AH10: 0.001318 | AI10: 0.065435 | AJ10: 0.001043
A11: 274 | B11: 274 | C11: בנק הפועלים | D11: 520000118 | E11: ח.פ. | F11: פועלים אגח 202 | G11: IL0011998502 | H11: ISIN | I11: צמוד למדד המחירים לצרכן | J11: ישראל | K11: ישראל | L11: סחיר | M11: TASE | N11: בנקים | O11: לא | P11: Aaa.il | Q11: מידרוג Moodys | R11: נייר ערך | S11: ILS | T11: 1.32 | U11: 46872 | V11: 0.006 | W11: 0.0221 | X11: החוב לא נחות | Z11: 257800 | AA11: 1 | AB11: 118 | AC11: 0 | AD11: 304.204 | AH11: 0.000579 | AI11: 0.004655 | AJ11: 7.4e-05
A12: 274 | B12: 274 | C12: נתיבי הגז הטבעי לישראל בע"מ | D12: 513436394 | E12: ח.פ. | F12: נתיבי גז אגח ד | G12: IL0011475030 | H12: ISIN | I12: צמוד למדד המחירים לצרכן | J12: ישראל | K12: ישראל | L12: סחיר | M12: TASE | N12: שרותים | O12: לא | P12: ilAAA | Q12: S&P מעלות | R12: נייר ערך | S12: ILS | T12: 4.35 | U12: 48760 | V12: 0.0295 | W12: 0.0215 | X12: החוב לא נחות | Z12: 3156952.8 | AA12: 1 | AB12: 122.68 | AC12: 0 | AD12: 3872.9497 | AH12: 0.002309 | AI12: 0.059267 | AJ12: 0.000944
A13: 274 | B13: 274 | C13: מימון ישיר | D13: 513893123 | E13: ח.פ. | F13: מימון ישיר אגח ח | G13: IL0012426016 | H13: ISIN | I13: צמוד למדד המחירים לצרכן | J13: ישראל | K13: ישראל | L13: סחיר | M13: TASE | N13: אשראי חוץ בנקאי | O13: לא | P13: A1.il | Q13: מידרוג Moodys | R13: נייר ערך | S13: ILS | T13: 5.41 | U13: 49856 | V13: 0.0285 | W13: 0.0295 | X13: החוב לא נחות | Z13: 350000 | AA13: 1 | AB13: 99.78 | AC13: 0 | AD13: 349.23 | AH13: 0.000827 | AI13: 0.005344 | AJ13: 8.5e-05
... A32: 274 | B32: 274 | C32: חברת החשמל לישראל בע"מ | D32: 520000472 | E32: ח.פ. | F32: חשמל 34 | G32: IL0011967812 | H32: ISIN | I32: צמוד למדד המחירים לצרכן | J32: ישראל | K32: ישראל | L32: סחיר | M32: TASE | N32: אנרגיה | O32: לא | P32: ilAAA | Q32: S&P מעלות | R32: נייר ערך | S32: ILS | T32: 6.34 | U32: 48742 | V32: 0.03 | W32: 0.0224 | X32: החוב לא נחות | Z32: 1976000 | AA32: 1 | AB32: 113.7 | AC32: 0 | AD32: 2246.712 | AH32: 0.000484 | AI32: 0.034381 | AJ32: 0.000548
A33: 274 | B33: 274 | C33: Kyndryl Holdings, Inc. | D33: 549300LQ4LWX2R8ZV130 | E33: LEI | F33: KD 6.35 02/20/34 | G33: US50155QAN07 | H33: ISIN | I33: צמוד למט"ח | J33: חו"ל | K33: ארה"ב | L33: סחיר | M33: NYSE | N33: Software | O33: לא | P33: BBB- | Q33: S&P | R33: נייר ערך | S33: USD | T33: 5.99 | U33: 48995 | V33: 0.0635 | W33: 0.0737 | X33: החוב לא נחות | Z33: 18000 | AA33: 2.978 | AB33: 97.0571 | AC33: 0 | AD33: 52.02649 | AH33: 3.6e-05 | AI33: 0.000796 | AJ33: 1.2e-05
A34: 274 | B34: 274 | C34: חברת החשמל לישראל בע"מ | D34: 520000472 | E34: ח.פ. | F34: ISRAEL ELECTRIC 8.1% 2096 | G34: USM60170AC79 | H34: ISIN | I34: צמוד למט"ח | J34: חו"ל | K34: ישראל | L34: סחיר | M34: אחר | N34: Electric Utilities | O34: לא | P34: Baa2 | Q34: Moodys | R34: נייר ערך | S34: USD | T34: 16.11 | U34: 71939 | V34: 0.081 | W34: 0.0634 | X34: החוב לא נחות | Z34: 200000 | AA34: 2.978 | AB34: 129.6643 | AC34: 0 | AD34: 772.28027 | AH34: 0.0016 | AI34: 0.011818 | AJ34: 0.000188
A35: 274 | B35: 274 | C35: H&R Block | D35: 549300CE3KUCWLZBG404 | E35: LEI | F35: HRB 3.875 08/15/30 | G35: US093662AH70 | H35: ISIN | I35: צמוד למט"ח | J35: חו"ל | K35: ארה"ב | L35: סחיר | M35: NYSE | N35: Electric Utilities | O35: לא | P35: Baa3 | Q35: Moodys | R35: נייר ערך | S35: USD | T35: 3.79 | U35: 47710 | V35: 0.03875 | W35: 0.0532 | X35: החוב לא נחות | Z35: 45000 | AA35: 2.978 | AB35: 96.3738 | AC35: 0 | AD35: 129.15053 | AH35: 6.9e-05 | AI35: 0.001976 | AJ35: 3.1e-05

Sheet מניות מבכ ויהש
A1: מספר קופה/קרן/ח.פ. עבור חברת ביטוח | B1: מספר מסלול | C1: שם מנפיק | D1: מספר מנפיק | E1: סוג מספר מזהה מנפיק | F1: שם נייר ערך | G1: מספר נייר ערך | H1: סוג מספר נייר ערך | I1: מאפיין עיקרי | J1: ישראל/חו"ל | K1: מדינה לפי חשיפה כלכלית | L1: סטאטוס סחירות | M1: זירת מסחר | N1: ענף מסחר | O1: בעל עניין/צד קשור | P1: מטבע פעילות | Q1: ערך נקוב (יחידות) | R1: שער חליפין | S1: שער נייר הערך | T1: סכום לקבל (במטבע הפעילות) | U1: שווי הוגן (באלפי ש"ח) | V1: שיעור מערך נקוב מונפק | W1: שיעור מנכסי אפיק ההשקעה | X1: שיעור מסך נכסי ההשקעה
A2: 274 | B2: 274 | C2: החברה לישראל | D2: 520028010 | E2: ח.פ. | F2: חברה לישראל | G2: IL0005760173 | H2: ISIN | I2: מניות | J2: ישראל | K2: ישראל | L2: סחיר | M2: TASE | N2: השקעה ואחזקות | O2: לא | P2: ILS | Q2: 179 | R2: 1 | S2: 76090 | T2: 0 | U2: 136.2011 | V2: 2.3e-05 | W2: 0.002191 | X2: 3.3e-05
A3: 274 | B3: 274 | C3: הראל השקעות | D3: 520033986 | E3: ח.פ. | F3: הראל השקעות | G3: IL0005850180 | H3: ISIN | I3: מניות | J3: ישראל | K3: ישראל | L3: סחיר | M3: TASE | N3: ביטוח | O3: לא | P3: ILS | Q3: 10315 | R3: 1 | S3: 15660 | T3: 25.06545 | U3: 1640.3945 | V3: 4.5e-05 | W3: 0.026389 | X3: 0.0004
A4: 274 | B4: 274 | C4: נובה מכשירי מדידה | D4: 511812463 | E4: ח.פ. | F4: נובה | G4: IL0010845571 | H4: ISIN | I4: מניות | J4: ישראל | K4: ישראל | L4: סחיר | M4: TASE | N4: מוליכים למחצה | O4: לא | P4: ILS | Q4: 597 | R4: 1 | S4: 157500 | T4: 0 | U4: 940.275 | V4: 1.9e-05 | W4: 0.015126 | X4: 0.000229
A5: 274 | B5: 274 | C5: שפיר הנדסה ותעשיה בע"מ | D5: 514892801 | E5: ח.פ. | F5: שפיר הנדסה ותעשיה בע"מ | G5: IL0011338758 | H5: ISIN | I5: מניות | J5: ישראל | K5: ישראל | L5: סחיר | M5: TASE | N5: מתכת ומוצרי בניה | O5: לא | P5: ILS | Q5: 13064 | R5: 1 | S5: 4500 | T5: 0 | U5: 587.88 | V5: 3.6e-05 | W5: 0.009457 | X5: 0.000143
A6: 274 | B6: 274 | C6: כלל חברה לביטוח | D6: 520036120 | E6: ח.פ. | F6: כלל עסקי ביטוח | G6: IL0002240146 | H6: ISIN | I6: מניות | J6: ישראל | K6: ישראל | L6: סחיר | M6: TASE | N6: ביטוח | O6: לא | P6: ILS | Q6: 4459 | R6: 1 | S6: 22840 | T6: 0 | U6: 1018.4356 | V6: 5.4e-05 | W6: 0.016383 | X6: 0.000248
A7: 274 | B7: 274 | C7: שטראוס גרופ | D7: 520003781 | E7: ח.פ. | F7: שטראוס-עלית | G7: IL0007460160 | H7: ISIN | I7: מניות | J7: ישראל | K7: ישראל | L7: סחיר | M7: TASE | N7: מזון | O7: לא | P7: ILS | Q7: 4863 | R7: 1 | S7: 11500 | T7: 0 | U7: 559.245 | V7: 4.1e-05 | W7: 0.008996 | X7: 0.000136
A8: 274 | B8: 274 | C8: מליסרון | D8: 520037789 | E8: ח.פ. | F8: מליסרון | G8: IL0003230146 | H8: ISIN | I8: מניות | J8: ישראל | K8: ישראל | L8: סחיר | M8: TASE | N8: נדל"ן מניב בישראל | O8: לא | P8: ILS | Q8: 497 | R8: 1 | S8: 41770 | T8: 0 | U8: 207.5969 | V8: 1e-05 | W8: 0.003339 | X8: 5e-05
A9: 274 | B9: 274 | C9: מגדל ביטוח | D9: 520029984 | E9: ח.פ. | F9: מגדל ביטוח | G9: IL0010811656 | H9: ISIN | I9: מניות | J9: ישראל | K9: ישראל | L9: סחיר | M9: TASE | N9: ביטוח | O9: לא | P9: ILS | Q9: 39328 | R9: 1 | S9: 1656 | T9: 0 | U9: 651.27168 | V9: 3.7e-05 | W9: 0.010477 | X9: 0.000158
A10: 274 | B10: 274 | C10: או פי סי אנרגיה | D10: 514401702 | E10: ח.פ. | F10: או פי סי אנרגיה | G10: IL0011415713 | H10: ISIN | I10: מניות | J10: ישראל | K10: ישראל | L10: סחיר | M10: TASE | N10: אנרגיה | O10: לא | P10: ILS | Q10: 8461.36 | R10: 1 | S10: 9250 | T10: 0 | U10: 782.6758 | V10: 2.7e-05 | W10: 0.012591 | X10: 0.00019
A11: 274 | B11: 274 | C11: נקסט ויז'ן מערכות מיוצבות בע"מ | D11: 514259019 | E11: ח.פ. | F11: נקסט ויז'ן | G11: IL0011765935 | H11: ISIN | I11: מניות | J11: ישראל | K11: ישראל | L11: סחיר | M11: TASE | N11: ביטחוניות | O11: לא | P11: ILS | Q11: 3442 | R11: 1 | S11: 24060 | T11: 0 | U11: 828.1452 | V11: 3.7e-05 | W11: 0.013322 | X11: 0.000202
A12: 274 | B12: 274 | C12: קנון | D12: 201406588w | E12: מספר תאגיד או שותפות בחו"ל | F12: קנון | G12: SG9999012629 | H12: ISIN | I12: מניות | J12: ישראל | K12: אמריקה הדרומית | L12: סחיר | M12: TASE | N12: השקעה ואחזקות | O12: כן | P12: ILS | Q12: 1378 | R12: 1 | S12: 20130 | T12: 0 | U12: 277.3914 | V12: 2.6e-05 | W12: 0.004462 | X12: 6.7e-05
A13: 274 | B13: 274 | C13: הפניקס אחזקות | D13: 520017450 | E13: ח.פ. | F13: הפניקס 1 | G13: IL0007670123 | H13: ISIN | I13: מניות | J13: ישראל | K13: ישראל | L13: סחיר | M13: TASE | N13: ביטוח | O13: לא | P13: ILS | Q13: 8545 | R13: 1 | S13: 16460 | T13: 0 | U13: 1406.507 | V13: 3.2e-05 | W13: 0.022626 | X13: 0.000343
A14: 274 | B14: 274 | C14: בינלאומי | D14: 520029083 | E14: ח.פ. | F14: בינלאומי 5 | G14: IL0005930388 | H14: ISIN | I14: מניות | J14: ישראל | K14: ישראל | L14: סחיר | M14: TASE | N14: בנקים | O14: לא | P14: ILS | Q14: 3868 | R14: 1 | S14: 21090 | T14: 0 | U14: 815.7612 | V14: 3.8e-05 | W14: 0.013123 | X14: 0.000199
A15: 274 | B15: 274 | C15: אנלייט אנרגיה | D15: 520041146 | E15: ח.פ. | F15: אנלייט אנרגיה | G15: IL0007200111 | H15: ISIN | I15: מניות | J15: ישראל | K15: ישראל | L15: סחיר | M15: TASE | N15: אנרגיה מתחדשת | O15: לא | P15: ILS | Q15: 9397.4 | R15: 1 | S15: 26300 | T15: 0 | U15: 2471.5162 | V15: 6.7e-05 | W15: 0.039759 | X15: 0.000603
A16: 274 | B16: 274 | C16: דמרי | D16: 511399388 | E16: ח.פ. | F16: דמרי | G16: IL0010903156 | H16: ISIN | I16: מניות | J16: ישראל | K16: ישראל | L16: סחיר | M16: TASE | N16: אחר | O16: לא | P16: ILS | Q16: 1130 | R16: 1 | S16: 35870 | T16: 0 | U16: 405.331 | V16: 4.8e-05 | W16: 0.00652 | X16: 9.8e-05
A17: 274 | B17: 274 | C17: טאואר | D17: 520041997 | E17: ח.פ. | F17: טאואר | G17: IL0010823792 | H17: ISIN | I17: מניות | J17: ישראל | K17: ישראל | L17: סחיר | M17: TASE | N17: מוליכים למחצה | O17: לא | P17: ILS | Q17: 3403.76 | R17: 1 | S17: 76440 | T17: 0 | U17: 2601.8341 | V17: 3e-05 | W17: 0.041856 | X17: 0.000634
A18: 274 | B18: 274 | C18: ביג מרכזי קניות | D18: 513623314 | E18: ח.פ. | F18: ביג | G18: IL0010972607 | H18: ISIN | I18: מניות | J18: ישראל | K18: ישראל | L18: סחיר | M18: TASE | N18: נדל"ן מניב בישראל | O18: לא | P18: ILS | Q18: 483 | R18: 1 | S18: 67510 | T18: 0 | U18: 326.0733 | V18: 1.8e-05 | W18: 0.005245 | X18: 7.9e-05
A19: 274 | B19: 274 | C19: טבע | D19: 520013954 | E19: ח.פ. | F19: טבע | G19: IL0006290147 | H19: ISIN | I19: מניות | J19: ישראל | K19: ישראל | L19: סחיר | M19: TASE | N19: פארמה | O19: לא | P19: ILS | Q19: 26909 | R19: 1 | S19: 9837 | T19: 0 | U19: 2647.0383 | V19: 2.1e-05 | W19: 0.042583 | X19: 0.000645
A20: 274 | B20: 274 | C20: בזק החברה הישראלית לתקשורת בע"מ | D20: 520031931 | E20: ח.פ. | F20: בזק | G20: IL0002300114 | H20: ISIN | I20: מניות | J20: ישראל | K20: ישראל | L20: סחיר | M20: TASE | N20: תקשורת ומדיה | O20: לא | P20: ILS | Q20: 192928.5 | R20: 1 | S20: 702.7 | T20: 0 | U20: 1355.7086 | V20: 6.9e-05 | W20: 0.021809 | X20: 0.00033
A21: 274 | B21: 274 | C21: הבורסה לניירות ערך בתל-אביב בע"מ | D21: 520020033 | E21: ח.פ. | F21: הבורסה לניע בתא | G21: IL0011590291 | H21: ISIN | I21: מניות | J21: ישראל | K21: ישראל | L21: סחיר | M21: TASE | N21: שרותים פיננסיים | O21: לא | P21: ILS | Q21: 5188 | R21: 1 | S21: 12350 | T21: 0 | U21: 640.718 | V21: 4.7e-05 | W21: 0.010307 | X21: 0.000156
A22: 274 | B22: 274 | C22: דלק קידוחים | D22: 550013098 | E22: ח.פ. | F22: ניו-מד אנרג יהש | G22: IL0004750209 | H22: ISIN | I22: מניות | J22: ישראל | K22: ישראל | L22: סחיר | M22: TASE | N22: חיפושי נפט וגז | O22: לא | P22: ILS | Q22: 8813 | R22: 1 | S22: 1560 | T22: 0 | U22: 137.4828 | V22: 7e-06 | W22: 0.002211 | X22: 3.3e-05
A23: 274 | B23: 274 | C23: בגירה | D23: 513603787 | E23: ח.פ. | F23: בגירה | G23: IL0012428822 | H23: ISIN | I23: מניות | J23: ישראל | K23: ישראל | L23: סחיר | M23: TASE | N23: ביטחוניות | O23: לא | P23: ILS | Q23: 35400 | R23: 1 | S23: 1183 | T23: 0 | U23: 418.782 | V23: 0.000127 | W23: 0.006737 | X23: 0.000102
A24: 274 | B24: 274 | C24: זפירוס ווינג אנרג'יס בע"מ | D24: 516537560 | E24: ח.פ. | F24: זפירוס | G24: IL0011946956 | H24: ISIN | I24: מניות | J24: ישראל | K24: ישראל | L24: סחיר | M24: TASE | N24: אנרגיה מתחדשת | O24: לא | P24: ILS | Q24: 5659 | R24: 1 | S24: 3174 | T24: 0 | U24: 179.61666 | V24: 8e-05 | W24: 0.002889 | X24: 4.3e-05
... A47: 274 | B47: 274 | C47: טבע | D47: 520013954 | E47: ח.פ. | F47: Teva US(poalim) | G47: US8816242098 | H47: ISIN | I47: מניות | J47: חו"ל | K47: ישראל | L47: סחיר | M47: NYSE | N47: Pharmaceuticals | O47: לא | P47: USD | Q47: 26725 | R47: 2.978 | S47: 3388 | T47: 0 | U47: 2696.4093 | V47: 2.2e-05 | W47: 0.043377 | X47: 0.000657
A48: 274 | B48: 274 | C48: Micron Technology Inc | D48: B3DXGBC8GAIYWI2Z0172 | E48: LEI | F48: MU - Micron (P) | G48: US5951121038 | H48: ISIN | I48: מניות | J48: חו"ל | K48: ארה"ב | L48: סחיר | M48: NASDAQ | N48: Technology Hardware, Storage & Peripherals | O48: לא | P48: USD | Q48: 121 | R48: 2.978 | S48: 115429 | T48: 0 | U48: 415.93455 | V48: 0 | W48: 0.006691 | X48: 0.000101
A49: 274 | B49: 274 | C49: Taiwan Semiconductor | D49: 549300KB6NK5SBD14S87 | E49: LEI | F49: TSM - Taiwan Semiconductor (P) | G49: US8740391003 | H49: ISIN | I49: מניות | J49: חו"ל | K49: גלובלי | L49: סחיר | M49: NYSE | N49: Semiconductors & Semiconductor Equipment | O49: לא | P49: USD | Q49: 282 | R49: 2.978 | S49: 47757 | T49: 0.26932 | U49: 401.86341 | V49: 0 | W49: 0.006463 | X49: 9.7e-05
A50: 274 | B50: 274 | C50: נייס | D50: 520036872 | E50: ח.פ. | F50: NICE US ( poalim) | G50: US6536561086 | H50: ISIN | I50: מניות | J50: חו"ל | K50: ישראל | L50: סחיר | M50: NASDAQ | N50: Software | O50: לא | P50: USD | Q50: 928 | R50: 2.978 | S50: 9085 | T50: 0 | U50: 251.07161 | V50: 1.5e-05 | W50: 0.004039 | X50: 6.1e-05
A51: 274 | B51: 274 | C51: Broadcom Inc | D51: 549300Wv6GIDOZJTV909 | E51: LEI | F51: AVGO - Broadcom Inc (P) | G51: US11135F1012 | H51: ISIN | I51: מניות | J51: חו"ל | K51: ארה"ב | L51: סחיר | M51: NASDAQ | N51: Semiconductors & Semiconductor Equipment | O51: לא | P51: USD | Q51: 165 | R51: 2.978 | S51: 37775 | T51: 0 | U51: 185.61502 | V51: 0 | W51: 0.002986 | X51: 4.5e-05
A52: 274 | B52: 274 | C52: COHERENT Corp | D52: 549300O5C25A0MMHHU33 | E52: LEI | F52: COHR - COHERENT (P) | G52: US19247G1076 | H52: ISIN | I52: מניות | J52: חו"ל | K52: ארה"ב | L52: סחיר | M52: NYSE | N52: Semiconductors & Semiconductor Equipment | O52: לא | P52: USD | Q52: 122 | R52: 2.978 | S52: 39447 | T52: 0 | U52: 143.31726 | V52: 0 | W52: 0.002305 | X52: 3.4e-05
A53: 274 | B53: 274 | C53: NVIDIA Corporation | D53: 549300S4KLFTLO7GSQ80 | E53: LEI | F53: NVDA - NVIDIA (P) | G53: US67066G1040 | H53: ISIN | I53: מניות | J53: חו"ל | K53: ארה"ב | L53: סחיר | M53: NASDAQ | N53: Semiconductors & Semiconductor Equipment | O53: לא | P53: USD | Q53: 1357 | R53: 2.978 | S53: 20009 | T53: 0 | U53: 808.5929 | V53: 0 | W53: 0.013008 | X53: 0.000197
A54: 274 | B54: 274 | C54: אורמת טכנולוגיות, אינק (דואלי) | D54: 880326081 | E54: ח.פ. | F54: ORA US (POALIM) | G54: US6866881021 | H54: ISIN | I54: מניות | J54: חו"ל | K54: ארה"ב | L54: סחיר | M54: NYSE | N54: Energy Equipment & Services | O54: לא | P54: USD | Q54: 2802 | R54: 2.978 | S54: 10890 | T54: 0 | U54: 908.70037 | V54: 4.5e-05 | W54: 0.014618 | X54: 0.000221
A55: 274 | B55: 274 | C55: META PLATFORMS INC | D55: BQ4BKCS1HXDV9HN80Z93 | E55: LEI | F55: META - Meta Platforms (P) | G55: US30303M1027 | H55: ISIN | I55: מניות | J55: חו"ל | K55: ארה"ב | L55: סחיר | M55: NASDAQ | N55: Media | O55: לא | P55: USD | Q55: 88 | R55: 2.978 | S55: 56329 | T55: 0 | U55: 147.61803 | V55: 0 | W55: 0.002374 | X55: 3.6e-05
A56: 274 | B56: 274 | C56: נובה מכשירי מדידה | D56: 511812463 | E56: ח.פ. | F56: NVMI US (POALIM) | G56: IL0010845571 | H56: ISIN | I56: מניות | J56: חו"ל | K56: ישראל | L56: סחיר | M56: NASDAQ | N56: Semiconductors & Semiconductor Equipment | O56: לא | P56: USD | Q56: 1614 | R56: 2.978 | S56: 54294 | T56: 0 | U56: 2609.6368 | V56: 5e-05 | W56: 0.041981 | X56: 0.000636
A57: 274 | B57: 274 | C57: CARPENTER TECHNOLOGY | D57: DX6I6ZD3X5WNNCDJKP85 | E57: LEI | F57: CRS - CARPENTER TECHNOLOGY (P) | G57: US1442851036 | H57: ISIN | I57: מניות | J57: חו"ל | K57: ארה"ב | L57: סחיר | M57: NYSE | N57: Metals & Mining | O57: לא | P57: USD | Q57: 77 | R57: 2.978 | S57: 61684 | T57: 0 | U57: 141.44511 | V57: 1e-06 | W57: 0.002275 | X57: 3.4e-05
A58: 274 | B58: 274 | C58: ServiceNow | D58: 549300HJTQM36M0E1G39 | E58: LEI | F58: NOW - ServiceNow (P) | G58: US81762P1021 | H58: ISIN | I58: מניות | J58: חו"ל | K58: ארה"ב | L58: סחיר | M58: NYSE | N58: Software | O58: לא | P58: USD | Q58: 455 | R58: 2.978 | S58: 9928 | T58: 0 | U58: 134.52341 | V58: 0 | W58: 0.002164 | X58: 3.2e-05
A59: 274 | B59: 274 | C59: טאואר | D59: 520041997 | E59: ח.פ. | F59: TOWER TSEM US( POALIM) | G59: IL0010823792 | H59: ISIN | I59: מניות | J59: חו"ל | K59: ישראל | L59: סחיר | M59: NASDAQ | N59: Semiconductors & Semiconductor Equipment | O59: לא | P59: USD | Q59: 4790 | R59: 2.978 | S59: 26064 | T59: 0 | U59: 3717.9306 | V59: 4.2e-05 | W59: 0.059811 | X59: 0.000907
A60: 274 | B60: 274 | C60: TESLA INC | D60: 54930043XZGB27CTOV49 | E60: LEI | F60: TSLA Tesla Inc (P) | G60: US88160R1014 | H60: ISIN | I60: מניות | J60: חו"ל | K60: ארה"ב | L60: סחיר | M60: NASDAQ | N60: Automobile Components | O60: לא | P60: USD | Q60: 287 | R60: 2.978 | S60: 42060 | T60: 0 | U60: 359.48093 | V60: 0 | W60: 0.005783 | X60: 8.7e-05
A61: 274 | B61: 274 | C61: GOLDMAN | D61: 784F5XWPLTWKTBV3E584 | E61: LEI | F61: GS - Goldman Sachs (P) | G61: US38141G1040 | H61: ISIN | I61: מניות | J61: חו"ל | K61: ארה"ב | L61: סחיר | M61: NYSE | N61: Banks | O61: לא | P61: USD | Q61: 57 | R61: 2.978 | S61: 101137 | T61: 0 | U61: 171.67601 | V61: 0 | W61: 0.002761 | X61: 4.1e-05
A62: 274 | B62: 274 | C62: Amphenol corp | D62: 549300D3L3G0R4U4VT04 | E62: LEI | F62: APH- Amphenol corp | G62: US0320951017 | H62: ISIN | I62: מניות | J62: חו"ל | K62: ארה"ב | L62: סחיר | M62: NYSE | N62: Technology Hardware, Storage & Peripherals | O62: לא | P62: USD | Q62: 309 | R62: 2.978 | S62: 17632 | T62: 0.07724 | U62: 162.48004 | V62: 0 | W62: 0.002613 | X62: 3.9e-05
A63: 274 | B63: 274 | C63: קמטק | D63: 511235434 | E63: ח.פ. | F63: camt-קמטק חול(poalim) | G63: IL0010952641 | H63: ISIN | I63: מניות | J63: חו"ל | K63: ישראל | L63: סחיר | M63: NYSE | N63: Semiconductors & Semiconductor Equipment | O63: לא | P63: USD | Q63: 633 | R63: 2.978 | S63: 16312 | T63: 0 | U63: 307.49327 | V63: 1.3e-05 | W63: 0.004946 | X63: 7.5e-05
A64: 274 | B64: 274 | C64: אנלייט אנרגיה | D64: 520041146 | E64: ח.פ. | F64: ENLIGHT RENEWABLE ENERGY LTD(poalim) | G64: IL0007200111 | H64: ISIN | I64: מניות | J64: חו"ל | K64: ישראל | L64: סחיר | M64: NASDAQ | N64: Energy Equipment & Services | O64: לא | P64: USD | Q64: 3164 | R64: 2.978 | S64: 8902 | T64: 0 | U64: 838.78134 | V64: 2.2e-05 | W64: 0.013493 | X64: 0.000204
A65: 274 | B65: 274 | C65: ELI LILLY & CO | D65: FRDRIPF3EKNDJ2CQJL29 | E65: LEI | F65: LLY - Eli Lilly (P) | G65: US5324571083 | H65: ISIN | I65: מניות | J65: חו"ל | K65: ארה"ב | L65: סחיר | M65: NASDAQ | N65: Pharmaceuticals | O65: לא | P65: USD | Q65: 51 | R65: 2.978 | S65: 119943 | T65: 0 | U65: 182.16703 | V65: 0 | W65: 0.00293 | X65: 4.4e-05
A66: 274 | B66: 274 | C66: Vistra Corp | D66: 549300KP43CPCUJOOG15 | E66: LEI | F66: VST - Vistra Corp (P) | G66: US92840M1027 | H66: ISIN | I66: מניות | J66: חו"ל | K66: ארה"ב | L66: סחיר | M66: NYSE | N66: Electric Utilities | O66: לא | P66: USD | Q66: 208 | R66: 2.978 | S66: 15863 | T66: 0 | U66: 98.25923 | V66: 0 | W66: 0.00158 | X66: 2.3e-05
A67: 274 | B67: 274 | C67: RHEINMETALL AG | D67: 5299001OU9CSE29O6S05 | E67: LEI | F67: RHM GR - Rheinmetall (P) | G67: DE0007030009 | H67: ISIN | I67: מניות | J67: חו"ל | K67: אירופה | L67: סחיר | M67: אחר | N67: Other | O67: לא | P67: EUR | Q67: 39 | R67: 3.3945 | S67: 100220 | T67: 0 | U67: 132.67675 | V67: 0 | W67: 0.002134 | X67: 3.2e-05
A68: 274 | B68: 274 | C68: ATI Inc | D68: ZW1LRE7C3H17O2ZN9B45 | E68: LEI | F68: ATI - ATI (P) | G68: US01741R1023 | H68: ISIN | I68: מניות | J68: חו"ל | K68: ארה"ב | L68: סחיר | M68: NYSE | N68: Other | O68: לא | P68: USD | Q68: 265 | R68: 2.978 | S68: 19710 | T68: 0 | U68: 155.54541 | V68: 1e-06 | W68: 0.002502 | X68: 3.7e-05
A69: 274 | B69: 274 | C69: SOLAREDGE | D69: 5493000K6Y58XXPDF853 | E69: LEI | F69: SEDG US ( POALIM) | G69: US83417M1045 | H69: ISIN | I69: מניות | J69: חו"ל | K69: ארה"ב | L69: סחיר | M69: NASDAQ | N69: Technology Hardware, Storage & Peripherals | O69: לא | P69: USD | Q69: 4330 | R69: 2.978 | S69: 5844 | T69: 0 | U69: 753.56861 | V69: 7.1e-05 | W69: 0.012122 | X69: 0.000183
A70: 274 | B70: 274 | C70: Enphase Energy | D70: 5493008U7KIGMI59Z314 | E70: LEI | F70: ENPH - Enphase Energy (P) | G70: US29355A1079 | H70: ISIN | I70: מניות | J70: חו"ל | K70: ארה"ב | L70: סחיר | M70: NASDAQ | N70: Technology Hardware, Storage & Peripherals | O70: לא | P70: USD | Q70: 852 | R70: 2.978 | S70: 4924 | T70: 0 | U70: 124.93449 | V70: 6e-06 | W70: 0.002009 | X70: 3e-05

Sheet קרנות סל
A1: מספר קופה/קרן/ח.פ. עבור חברת ביטוח | B1: מספר מסלול | C1: שם מנפיק | D1: מספר מנפיק | E1: סוג מספר מזהה מנפיק | F1: שם נייר ערך | G1: מספר נייר ערך | H1: סוג מספר נייר ערך | I1: מאפיין עיקרי | J1: ישראל/חו"ל | K1: מדינה לפי חשיפה כלכלית | L1: זירת מסחר | M1: סיווג הקרן | N1: בעל עניין/צד קשור | O1: מטבע פעילות | P1: ערך נקוב (יחידות) | Q1: שער חליפין | R1: שער נייר הערך | S1: סכום לקבל (במטבע הפעילות) | T1: שווי הוגן (באלפי ש"ח) | U1: שיעור מערך נקוב מונפק | V1: שיעור מנכסי אפיק ההשקעה | W1: שיעור מסך נכסי ההשקעה
A2: 274 | B2: 274 | C2: מגדל קרנות נאמנות בע"מ | D2: 511303661 | E2: ח.פ. | F2: MTF סל (00) תל בונד 20 | G2: IL0011499881 | H2: ISIN | I2: עוקב אחר מדדים אחרים בישראל | J2: ישראל | K2: ישראל | L2: TASE | M2: 20 אג"ח בארץ - חברות והמרה-תל בונד צמוד מדד-תל בונד | N2: לא | O2: ILS | P2: 33000 | Q2: 1 | R2: 516.39 | S2: 0 | T2: 170.4087 | U2: 0.000138 | V2: 0.000537 | W2: 4.1e-05
A3: 274 | B3: 274 | C3: מגדל קרנות נאמנות בע"מ | D3: 511303661 | E3: ח.פ. | F3: MTF סל (4A) ת"א 35 | G3: IL0011501843 | H3: ISIN | I3: עוקב אחר מדדי מניות בישראל | J3: ישראל | K3: ישראל | L3: TASE | M3: 35 מניות בארץ - מניות כללי-ת"א | N3: לא | O3: ILS | P3: 189694 | Q3: 1 | R3: 5417 | S3: 0 | T3: 10275.724 | U3: 0.002709 | V3: 0.032421 | W3: 0.002507
A4: 274 | B4: 274 | C4: מגדל קרנות נאמנות בע"מ | D4: 511303661 | E4: ח.פ. | F4: MTF סל תל בונד 60 | G4: IL0011499964 | H4: ISIN | I4: עוקב אחר מדדים אחרים בישראל | J4: ישראל | K4: ישראל | L4: TASE | M4: 60 אג"ח בארץ - חברות והמרה-תל בונד צמוד מדד-תל בונד | N4: לא | O4: ILS | P4: 1818503 | Q4: 1 | R4: 519.03 | S4: 0 | T4: 9438.5761 | U4: 0.008659 | V4: 0.02978 | W4: 0.002302
A5: 274 | B5: 274 | C5: מיטב תכלית קרנות נאמנות בע"מ | D5: 513534974 | E5: ח.פ. | F5: תכלית סל (00) תל בונד 40 | G5: IL0011450934 | H5: ISIN | I5: עוקב אחר מדדים אחרים בישראל | J5: ישראל | K5: ישראל | L5: TASE | M5: 40 אג"ח בארץ - חברות והמרה-תל בונד צמוד מדד-תל בונד | N5: לא | O5: ILS | P5: 351755 | Q5: 1 | R5: 396.04 | S5: 0 | T5: 1393.0905 | U5: 0.000612 | V5: 0.004395 | W5: 0.000339
A6: 274 | B6: 274 | C6: מיטב תכלית קרנות נאמנות בע"מ | D6: 513534974 | E6: ח.פ. | F6: תכלית סל תא 35 | G6: IL0011437006 | H6: ISIN | I6: עוקב אחר מדדי מניות בישראל | J6: ישראל | K6: ישראל | L6: TASE | M6: 35 מניות בארץ - מניות כללי-ת"א | N6: לא | O6: ILS | P6: 46030 | Q6: 1 | R6: 3974 | S6: 0 | T6: 1829.2322 | U6: 0.000179 | V6: 0.005771 | W6: 0.000446
A7: 274 | B7: 274 | C7: הראל קרנות נאמנות בע"מ | D7: 511776783 | E7: ח.פ. | F7: הראל סל תא 35 | G7: IL0011489072 | H7: ISIN | I7: עוקב אחר מדדי מניות בישראל | J7: ישראל | K7: ישראל | L7: TASE | M7: 35 מניות בארץ - מניות כללי-ת"א | N7: לא | O7: ILS | P7: 152802 | Q7: 1 | R7: 3992 | S7: 0 | T7: 6099.8558 | U7: 0.001793 | V7: 0.019246 | W7: 0.001488
A8: 274 | B8: 274 | C8: קסם קרנות נאמנות בע"מ | D8: 510938608 | E8: ח.פ. | F8: קסם ETF תלבונד 20 | G8: IL0011459604 | H8: ISIN | I8: עוקב אחר מדדים אחרים בישראל | J8: ישראל | K8: ישראל | L8: TASE | M8: 20 אג"ח בארץ - חברות והמרה-תל בונד צמוד מדד-תל בונד | N8: לא | O8: ILS | P8: 5930.5 | Q8: 1 | R8: 4135.78 | S8: 0 | T8: 245.27243 | U8: 0.000113 | V8: 0.000773 | W8: 5.9e-05
A9: 274 | B9: 274 | C9: הראל קרנות נאמנות בע"מ | D9: 511776783 | E9: ח.פ. | F9: הראל סל תלבונד 20 | G9: IL0011504409 | H9: ISIN | I9: עוקב אחר מדדים אחרים בישראל | J9: ישראל | K9: ישראל | L9: TASE | M9: 20 אג"ח בארץ - חברות והמרה-תל בונד צמוד מדד-תל בונד | N9: לא | O9: ILS | P9: 68800 | Q9: 1 | R9: 418.08 | S9: 0 | T9: 287.63904 | U9: 0.000282 | V9: 0.000907 | W9: 7e-05
A10: 274 | B10: 274 | C10: קסם קרנות נאמנות בע"מ | D10: 510938608 | E10: ח.פ. | F10: קסם ETF תא 35 | G10: IL0011465700 | H10: ISIN | I10: עוקב אחר מדדי מניות בישראל | J10: ישראל | K10: ישראל | L10: TASE | M10: 35 מניות בארץ - מניות כללי-ת"א | N10: לא | O10: ILS | P10: 9711.81 | Q10: 1 | R10: 39660 | S10: 0 | T10: 3851.7038 | U10: 0.000502 | V10: 0.012152 | W10: 0.000939
A11: 274 | B11: 274 | C11: DWS | D11: 7LTWFZYICNSX8D621K86 | E11: LEI | F11: XDJP GR - Nikkei 225 (P) | G11: LU0839027447 | H11: ISIN | I11: עוקב אחר מדדי מניות בחו"ל | J11: חו"ל | K11: יפן | L11: FWB | M11: Equity Funds | N11: לא | O11: EUR | P11: 21670 | Q11: 3.3945 | R11: 3968.5 | S11: 0 | T11: 2919.1816 | U11: 0.000398 | V11: 0.00921 | W11: 0.000712
A12: 274 | B12: 274 | C12: State Street | D12: 549300ZFEEJ2IP5VME73 | E12: LEI | F12: XLV US - Health Care (P) | G12: US81369Y2090 | H12: ISIN | I12: עוקב אחר מדדי מניות בחו"ל | J12: חו"ל | K12: ארה"ב | L12: NYSE | M12: Equity Funds | N12: לא | O12: USD | P12: 2175 | Q12: 2.978 | R12: 15866 | S12: 0 | T12: 1027.6646 | U12: 8e-06 | V12: 0.003242 | W12: 0.00025
A13: 274 | B13: 274 | C13: AMUNDI INVT SOLUTIONS | D13: 213800WAVVOPS85N2205 | E13: LEI | F13: SP5C LN - S&P 500 (P) | G13: LU1135865084 | H13: ISIN | I13: עוקב אחר מדדי מניות בחו"ל | J13: חו"ל | K13: ארה"ב | L13: LSE | M13: Equity Funds | N13: לא | O13: USD | P13: 14942 | Q13: 2.978 | R13: 54336.5 | S13: 0 | T13: 24178.262 | U13: 0.000441 | V13: 0.076286 | W13: 0.005899
A14: 274 | B14: 274 | C14: INVESCO MARKETS PLC | D14: ECPGFXU8A2SHKVVGJI15 | E14: LEI | F14: SPXS LN - S&P 500 (P) | G14: IE00B3YCGJ38 | H14: ISIN | I14: עוקב אחר מדדי מניות בחו"ל | J14: חו"ל | K14: ארה"ב | L14: LSE | M14: Equity Funds | N14: לא | O14: USD | P14: 191500 | Q14: 2.978 | R14: 1500 | S14: 0 | T14: 8554.305 | U14: 7e-05 | V14: 0.02699 | W14: 0.002087
A15: 274 | B15: 274 | C15: ISHARES | D15: 529900VBK42Y5HHRMD23 | E15: LEI | F15: IWDS NA - MSCI WORLD (P) | G15: IE000F9IDGB5 | H15: ISIN | I15: עוקב אחר מדדי מניות בחו"ל | J15: חו"ל | K15: ארה"ב | L15: אחר | M15: Equity Funds | N15: לא | O15: USD | P15: 294000 | Q15: 2.978 | R15: 742.6 | S15: 0 | T15: 6501.7006 | U15: 0.00107 | V15: 0.020513 | W15: 0.001586
A16: 274 | B16: 274 | C16: Tabula | D16: 2138009WPYMWJN3RVF44 | E16: LEI | F16: TAHY LN - Asia USD HY | G16: IE000LZC9NM0 | H16: ISIN | I16: אחר | J16: חו"ל | K16: אסיה | L16: LSE | M16: אג"ח בחו"ל - אג"ח חשופת מט"ח | N16: לא | O16: USD | P16: 10550 | Q16: 2.978 | R16: 826.35 | S16: 0 | T16: 259.62182 | U16: 0.000546 | V16: 0.000819 | W16: 6.3e-05
A17: 274 | B17: 274 | C17: State Street | D17: 549300ZFEEJ2IP5VME73 | E17: LEI | F17: XLU US (p) | G17: US81369Y8865 | H17: ISIN | I17: עוקב אחר מדדי מניות בחו"ל | J17: חו"ל | K17: ארה"ב | L17: NYSE | M17: Equity Funds | N17: לא | O17: USD | P17: 6257 | Q17: 2.978 | R17: 4534 | S17: 0 | T17: 844.83591 | U17: 1.2e-05 | V17: 0.002665 | W17: 0.000206
A18: 274 | B18: 274 | C18: State Street | D18: 549300ZFEEJ2IP5VME73 | E18: LEI | F18: XLC US - Communication Services (P) | G18: US81369Y8527 | H18: ISIN | I18: עוקב אחר מדדי מניות בחו"ל | J18: חו"ל | K18: ארה"ב | L18: NYSE | M18: Equity Funds | N18: לא | O18: USD | P18: 3998 | Q18: 2.978 | R18: 10713 | S18: 0 | T18: 1275.4945 | U18: 1.8e-05 | V18: 0.004024 | W18: 0.000311
A19: 274 | B19: 274 | C19: Nomura holdings Inc | D19: 549300B3CEAHYG7K8164 | E19: LEI | F19: 1615 JP - TOPIX Banks (P) | G19: JP3040170007 | H19: ISIN | I19: עוקב אחר מדדי מניות בחו"ל | J19: חו"ל | K19: יפן | L19: TSE | M19: Equity Funds | N19: לא | O19: JPY | P19: 119890 | Q19: 0.018341 | R19: 70100 | S19: 0 | T19: 1541.4307 | U19: 0.000222 | V19: 0.004863 | W19: 0.000376
A20: 274 | B20: 274 | C20: State Street | D20: 549300ZFEEJ2IP5VME73 | E20: LEI | F20: SWRD LN - MSCI World (P) | G20: IE00BFY0GT14 | H20: ISIN | I20: עוקב אחר מדדי מניות בחו"ל | J20: חו"ל | K20: אסיה | L20: LSE | M20: Equity Funds | N20: לא | O20: USD | P20: 208953 | Q20: 2.978 | R20: 5225 | S20: 0 | T20: 32513.191 | U20: 0.000557 | V20: 0.102584 | W20: 0.007932
A21: 274 | B21: 274 | C21: DWS | D21: 7LTWFZYICNSX8D621K86 | E21: LEI | F21: XDWD LN - MSCI World (P) | G21: IE00BJ0KDQ92 | H21: ISIN | I21: עוקב אחר מדדי מניות בחו"ל | J21: חו"ל | K21: אסיה | L21: LSE | M21: Equity Funds | N21: לא | O21: USD | P21: 38959 | Q21: 2.978 | R21: 15639 | S21: 0 | T21: 18144.352 | U21: 0.000271 | V21: 0.057248 | W21: 0.004426
A22: 274 | B22: 274 | C22: State Street | D22: 549300ZFEEJ2IP5VME73 | E22: LEI | F22: XBI US Biotech (P) | G22: US78464A8707 | H22: ISIN | I22: עוקב אחר מדדי מניות בחו"ל | J22: חו"ל | K22: ארה"ב | L22: NYSE | M22: Equity Funds | N22: לא | O22: USD | P22: 735 | Q22: 2.978 | R22: 15825 | S22: 0 | T22: 346.38235 | U22: 1e-05 | V22: 0.001092 | W22: 8.4e-05
... A43: 274 | B43: 274 | C43: LYXOR INTL | D43: 213800WAVVOPS85N2205 | E43: LEI | F43: BRES FP - Basic resources (P) | G43: LU1834983550 | H43: ISIN | I43: עוקב אחר מדדי מניות בחו"ל | J43: חו"ל | K43: בריטניה | L43: EURONEXT | M43: Equity Funds | N43: לא | O43: EUR | P43: 1651 | Q43: 3.3945 | R43: 13016 | S43: 0 | T43: 729.45823 | U43: 0.000419 | V43: 0.002301 | W43: 0.000177

Sheet קרנות נאמנות
A1: מספר קופה/קרן/ח.פ. עבור חברת ביטוח | B1: מספר מסלול | C1: שם מנפיק | D1: מספר מנפיק | E1: סוג מספר מזהה מנפיק | F1: שם נייר ערך | G1: מספר נייר ערך | H1: סוג מספר נייר ערך | I1: מאפיין עיקרי | J1: ישראל/חו"ל | K1: מדינה לפי חשיפה כלכלית | L1: סטאטוס סחירות | M1: זירת מסחר | N1: סיווג הקרן | O1: בעל עניין/צד קשור | P1: מטבע פעילות | Q1: ערך נקוב (יחידות) | R1: שער חליפין | S1: שער נייר הערך | T1: שווי הוגן (באלפי ש"ח) | U1: שיעור מערך נקוב מונפק | V1: שיעור מנכסי אפיק ההשקעה | W1: שיעור מסך נכסי ההשקעה
A2: 274 | B2: 274 | C2: PICTET FUNDS EUROPE SA | D2: 222100XYKRC53LF88Y28 | E2: LEI | F2: Pictet Pacific ex Japan | G2: LU0188804743 | H2: ISIN | I2: מניות | J2: חו"ל | K2: Developed Markets - Pacific | L2: סחיר | M2: אחר | N2: Equity Funds | O2: לא | P2: USD | Q2: 1779 | R2: 2.978 | S2: 69640 | T2: 3689.4311 | U2: 0.005587 | V2: 0.221415 | W2: 0.0009
A3: 274 | B3: 274 | C3: Sparx | D3: 635400BTSWMY84SXPB33 | E3: LEI | F3: SPARX Japan JPY Inst G | G3: IE00BD6HM324 | H3: ISIN | I3: מניות | J3: חו"ל | K3: יפן | L3: סחיר | M3: אחר | N3: Equity Funds | O3: לא | P3: JPY | Q3: 836 | R3: 0.018341 | S3: 2852600 | T3: 437.39133 | U3: 0.000197 | V3: 0.026249 | W3: 0.000106
A4: 274 | B4: 274 | C4: Liontrust | D4: 549300XVXU6S7PLCL855 | E4: LEI | F4: Liontrust European Dynamic | G4: GB00BKPQVT86 | H4: ISIN | I4: מניות | J4: חו"ל | K4: אירופה | L4: סחיר | M4: אחר | N4: Equity Funds | O4: לא | P4: GBP | Q4: 280031 | R4: 3.9389 | S4: 187.81 | T4: 2071.588 | U4: 0.000187 | V4: 0.124323 | W4: 0.000505
A5: 274 | B5: 274 | C5: Lazard Inc | D5: 254900RIBCDJSUFG1A11 | E5: LEI | F5: Lazard Japanese Strategic Equity | G5: IE000UTYHEP1 | H5: ISIN | I5: מניות | J5: חו"ל | K5: יפן | L5: סחיר | M5: אחר | N5: Equity Funds | O5: לא | P5: JPY | Q5: 2218 | R5: 0.018341 | S5: 1996037.9 | T5: 811.99494 | U5: 0.000132 | V5: 0.04873 | W5: 0.000198
A6: 274 | B6: 274 | C6: Ninety One | D6: 549300G0TJCT3K15ZG14 | E6: LEI | F6: N91 EM IG | G6: LU1275256334 | H6: ISIN | I6: אג"ח קונצרני | J6: חו"ל | K6: גלובלי | L6: סחיר | M6: אחר | N6: אג"ח בחו"ל - אג"ח חשופת מט"ח | O6: לא | P6: USD | Q6: 0.15 | R6: 2.978 | S6: 3040 | T6: 0.01358 | U6: 0 | V6: 0 | W6: 0
A7: 274 | B7: 274 | C7: Oaktree Capital Management LP | D7: 5493003O8J2P3YCBEH15 | E7: LEI | F7: Oaktree Global Credit | G7: LU1617688392 | H7: ISIN | I7: אג"ח קונצרני | J7: חו"ל | K7: גלובלי | L7: סחיר | M7: אחר | N7: אג"ח בחו"ל - אג"ח חשופת מט"ח | O7: לא | P7: USD | Q7: 4004 | R7: 2.978 | S7: 15981.9 | T7: 1905.6677 | U7: 0.000117 | V7: 0.114365 | W7: 0.000464
A8: 274 | B8: 274 | C8: HSBC Global Investment Funds | D8: 2138009R2RHG7P8LL653 | E8: LEI | F8: HSBC HY Global Securitized Credit | G8: LU1194162217 | H8: ISIN | I8: אג"ח קונצרני | J8: חו"ל | K8: גלובלי | L8: סחיר | M8: אחר | N8: אג"ח בחו"ל - אג"ח חשופת מט"ח | O8: לא | P8: USD | Q8: 7850 | R8: 2.978 | S8: 1776.2 | T8: 415.2276 | U8: 0.00128 | V8: 0.024919 | W8: 0.000101
A9: 274 | B9: 274 | C9: HSBC Global Investment Funds | D9: 2138009R2RHG7P8LL653 | E9: LEI | F9: HSBC XC Global Securitized Credit | G9: LU1717580259 | H9: ISIN | I9: אג"ח קונצרני | J9: חו"ל | K9: גלובלי | L9: סחיר | M9: אחר | N9: אג"ח בחו"ל - אג"ח חשופת מט"ח | O9: לא | P9: USD | Q9: 8200 | R9: 2.978 | S9: 1131 | T9: 276.18568 | U9: 0.000282 | V9: 0.016574 | W9: 6.7e-05
A10: 274 | B10: 274 | C10: Fidelity | D10: 2549008C2MCQYBAUGY55 | E10: LEI | F10: Fidelity Japan Value Fund | G10: LU1777188316 | H10: ISIN | I10: מניות | J10: חו"ל | K10: יפן | L10: סחיר | M10: אחר | N10: Equity Funds | O10: לא | P10: JPY | Q10: 19795 | R10: 0.018341 | S10: 367500 | T10: 1334.2459 | U10: 0.000108 | V10: 0.080072 | W10: 0.000325
A11: 274 | B11: 274 | C11: Matthews | D11: 549300X2DPZUR8DVLF66 | E11: LEI | F11: Matthews China Innovators Fund | G11: LU1845113809 | H11: ISIN | I11: מניות | J11: חו"ל | K11: סין | L11: סחיר | M11: אחר | N11: Equity Funds | O11: לא | P11: USD | Q11: 7125 | R11: 2.978 | S11: 2147 | T11: 455.55583 | U11: 0.000613 | V11: 0.027339 | W11: 0.000111
A12: 274 | B12: 274 | C12: M&G LUX INVESTMENT | D12: 254900TWUJUQ44TQJY84 | E12: LEI | F12: M&G Japan Fund LI USD | G12: LU2486835627 | H12: ISIN | I12: מניות | J12: חו"ל | K12: יפן | L12: סחיר | M12: אחר | N12: Equity Funds | O12: לא | P12: USD | Q12: 46850 | R12: 2.978 | S12: 2044.83 | T12: 2852.9325 | U12: 0.000491 | V12: 0.171214 | W12: 0.000696
A13: 274 | B13: 274 | C13: PIMCO | D13: 529900K9B0N5BT694847 | E13: LEI | F13: PIMCO LUX TR USD | G13: LU0683769987 | H13: ISIN | I13: אג"ח קונצרני | J13: חו"ל | K13: גלובלי | L13: לא סחיר | M13: אחר | N13: אג"ח בחו"ל - אג"ח חשופת מט"ח | O13: לא | P13: USD | Q13: 5638.69 | R13: 2.978 | S13: 1689.58 | T13: 283.71459 | U13: 0.007849 | V13: 0.017026 | W13: 6.9e-05
... A15: 274 | B15: 274 | C15: ARTEMIS | D15: 549300CN3YT7REW82D41 | E15: LEI | F15: Artemis SmartGARP EM | G15: LU1846577242 | H15: ISIN | I15: מניות | J15: חו"ל | K15: גלובלי | L15: סחיר | M15: אחר | N15: Equity Funds | O15: לא | P15: USD | Q15: 179624 | R15: 2.978 | S15: 245.1 | T15: 1311.0896 | U15: 0.000299 | V15: 0.078683 | W15: 0.000319

Sheet כתבי אופציה
A1: מספר קופה/קרן/ח.פ. עבור חברת ביטוח | B1: מספר מסלול | C1: שם מנפיק | D1: מספר מנפיק | E1: סוג מספר מזהה מנפיק | F1: שם נייר ערך | G1: מספר נייר ערך | H1: סוג מספר נייר ערך | I1: ישראל/חו"ל | J1: מדינה לפי חשיפה כלכלית | K1: סטאטוס סחירות | L1: זירת מסחר | M1: נכס בסיס (כתב אופציה) | N1: ענף מסחר | O1: תאריך פקיעה | P1: בעל עניין/צד קשור | Q1: מטבע פעילות | R1: שער מימוש | S1: יחס המרה | T1: ערך נקוב (יחידות) | U1: שער חליפין | V1: שער נייר הערך | W1: שווי הוגן (באלפי ש"ח) | X1: שיעור מנכסי אפיק ההשקעה | Y1: שיעור מסך נכסי ההשקעה
A2: 274 | B2: 274

Sheet אופציות
A1: מספר קופה/קרן/ח.פ. עבור חברת ביטוח | B1: מספר מסלול | C1: שם מנפיק | D1: מספר מנפיק | E1: סוג מספר מזהה מנפיק | F1: שם נייר ערך | G1: מספר נייר ערך | H1: סוג מספר נייר ערך | I1: מאפיין עיקרי | J1: ישראל/חו"ל | K1: מדינה לפי חשיפה כלכלית | L1: זירת מסחר | M1: ענף מסחר | N1: נכס בסיס | O1: תאריך פקיעה | P1: בעל עניין/צד קשור | Q1: מטבע פעילות | R1: שער מימוש | S1: ערך נקוב (יחידות) | T1: שער חליפין | U1: שער נייר הערך | V1: שווי הוגן (באלפי ש"ח) | W1: שיעור מנכסי אפיק ההשקעה | X1: שיעור מסך נכסי ההשקעה
A2: 274 | B2: 274

Sheet חוזים עתידיים
A1: מספר קופה/קרן/ח.פ. עבור חברת ביטוח | B1: מספר מסלול | C1: שם מנפיק | D1: מספר מנפיק | E1: סוג מספר מזהה מנפיק | F1: שם נייר ערך | G1: מספר נייר ערך | H1: סוג מספר נייר ערך | I1: ישראל/חו"ל | J1: מדינה לפי חשיפה כלכלית | K1: זירת מסחר | L1: נכס בסיס | M1: בעל עניין/צד קשור | N1: מטבע פעילות | O1: ערך נקוב (יחידות) | P1: שער חליפין | Q1: שער נייר הערך | R1: שווי הוגן (באלפי ש"ח) | S1: שיעור מנכסי אפיק ההשקעה | T1: שיעור מסך נכסי ההשקעה
A2: 274 | B2: 274

Sheet מוצרים מובנים
A1: מספר קופה/קרן/ח.פ. עבור חברת ביטוח | B1: מספר מסלול | C1: שם מנפיק | D1: מספר מנפיק | E1: סוג מספר מזהה מנפיק | F1: שם נייר ערך | G1: מספר נייר ערך | H1: סוג מספר נייר ערך | I1: מאפיין עיקרי | J1: ישראל/חו"ל | K1: מדינה לפי חשיפה כלכלית | L1: סטאטוס סחירות | M1: זירת מסחר | N1: נכס בסיס | O1: בעל עניין/צד קשור | P1: מח"מ | Q1: שיעור ריבית | R1: תשואה לפדיון | S1: דירוג | T1: שם מדרג | U1: דירוג נייר הערך/המנפיק | V1: מטבע פעילות | W1: ערך נקוב (יחידות) | X1: שער חליפין | Y1: שער נייר הערך | Z1: שווי הוגן (באלפי ש"ח) | AA1: שיעור מנכסי אפיק ההשקעה | AB1: שיעור מסך נכסי ההשקעה
A2: 274 | B2: 274

Sheet לא סחיר איגרות חוב ממשלתיות
A1: מספר קופה/קרן/ח.פ. עבור חברת ביטוח | B1: מספר מסלול | C1: שם מנפיק | D1: שם נייר ערך | E1: מספר נייר ערך | F1: סוג מספר נייר ערך | G1: מאפיין עיקרי | H1: ישראל/חו"ל | I1: מדינה לפי חשיפה כלכלית | J1: תאריך רכישה | K1: דירוג | L1: שם מדרג | M1: מטבע פעילות | N1: מח"מ | O1: מועד פדיון | P1: שיעור ריבית | Q1: תשואה לפדיון | R1: ערך נקוב (יחידות) | S1: שער חליפין | T1: שער נייר הערך | U1: שווי הוגן (באלפי ש"ח) | V1: עלות מופחתת (באלפי ש"ח) | W1: השיטה שיושמה בדוח הכספי | X1: שיעור מנכסי אפיק ההשקעה | Y1: שיעור מסך נכסי ההשקעה
A2: 274 | B2: 274

Sheet לא סחיר איגרות חוב מיועדות
A1: מספר קופה/קרן/ח.פ. עבור חברת ביטוח | B1: מספר מסלול | C1: מאפיין עיקרי | D1: שם נייר ערך | E1: מספר נייר ערך | F1: תאריך רכישה | G1: מח"מ | H1: סוג הצמדה | I1: מועד פדיון | J1: שיעור ריבית | K1: תשואה לפדיון | L1: ערך נקוב (יחידות) | M1: שער נייר הערך | N1: שווי הוגן (באלפי ש"ח) | O1: עלות מופחתת (באלפי ש"ח) | P1: השיטה שיושמה בדוח הכספי | Q1: שיעור מנכסי אפיק ההשקעה | R1: שיעור מסך נכסי ההשקעה
A2: 274 | B2: 274 | C2: ערד בקרן פנסיה ותיקה | D2: ערד 8794 02.09.27 4.8% | E2: 8287948 | F2: 41154 | G2: 1.14 | H2: צמוד למדד המחירים לצרכן | I2: 46632 | J2: 0.048 | K2: 0.0172 | L2: 10809000 | M2: 128.1859 | N2: 13855.612 | Q2: 0.016888 | R2: 0.00338
A3: 274 | B3: 274 | C3: ערד בקרן פנסיה ותיקה | D3: ערד 8850 2.5.32 4.8% | E3: 8288508 | F3: 42856 | G3: 5.19 | H3: צמוד למדד המחירים לצרכן | I3: 48336 | J3: 0.048 | K3: 0.0174 | L3: 1405000 | M3: 142.0554 | N3: 1995.8782 | Q3: 0.002432 | R3: 0.000486
A4: 274 | B4: 274 | C4: ערד בקרן פנסיה ותיקה | D4: ערד 8821 1.12.29 4.8% | E4: 8288219 | F4: 41974 | G4: 3.2 | H4: צמוד למדד המחירים לצרכן | I4: 47454 | J4: 0.048 | K4: 0.0167 | L4: 8816000 | M4: 131.8832 | N4: 11626.819 | Q4: 0.014172 | R4: 0.002836
A5: 274 | B5: 274 | C5: ערד בקרן פנסיה ותיקה | D5: ערד 8874 01.05.34 4.8% | E5: 8288748 | F5: 43586 | G5: 6.72 | H5: צמוד למדד המחירים לצרכן | I5: 49065 | J5: 0.048 | K5: 0.0181 | L5: 3351000 | M5: 145.5509 | N5: 4877.4119 | Q5: 0.005945 | R5: 0.00119
A6: 274 | B6: 274 | C6: ערד בקרן פנסיה ותיקה | D6: ערד 8822 1.1.30 4.8% | E6: 8288227 | F6: 42005 | G6: 3.22 | H6: צמוד למדד המחירים לצרכן | I6: 47484 | J6: 0.048 | K6: 0.0167 | L6: 10497000 | M6: 134.8092 | N6: 14150.919 | Q6: 0.017248 | R6: 0.003452
A7: 274 | B7: 274 | C7: ערד בקרן פנסיה ותיקה | D7: ערד 8875 02.06.34 4.8% | E7: 8288755 | F7: 43618 | G7: 6.81 | H7: צמוד למדד המחירים לצרכן | I7: 49097 | J7: 0.048 | K7: 0.0182 | L7: 4144000 | M7: 144.7922 | N7: 6000.187 | Q7: 0.007313 | R7: 0.001463
A8: 274 | B8: 274 | C8: ערד בקרן פנסיה ותיקה | D8: ערד 8823 01.02.30 4.8% | E8: 8288235 | F8: 42036 | G8: 3.3 | H8: צמוד למדד המחירים לצרכן | I8: 47515 | J8: 0.048 | K8: 0.0167 | L8: 3947000 | M8: 134.6202 | N8: 5313.4578 | Q8: 0.006476 | R8: 0.001296
A9: 274 | B9: 274 | C9: ערד בקרן פנסיה ותיקה | D9: ערד 8880 01.11.34 4.8% | E9: 8288805 | F9: 43770 | G9: 7.09 | H9: צמוד למדד המחירים לצרכן | I9: 49249 | J9: 0.048 | K9: 0.0183 | L9: 2830000 | M9: 146.7403 | N9: 4152.7513 | Q9: 0.005061 | R9: 0.001013
A10: 274 | B10: 274 | C10: ערד בקרן פנסיה ותיקה | D10: ערד 8824 01.03.30 4.8% | E10: 8288243 | F10: 42064 | G10: 3.38 | H10: צמוד למדד המחירים לצרכן | I10: 47543 | J10: 0.048 | K10: 0.0168 | L10: 6812000 | M10: 135.6437 | N10: 9240.0496 | Q10: 0.011262 | R10: 0.002254
A11: 274 | B11: 274 | C11: ערד בקרן פנסיה ותיקה | D11: ערד 8881 01.12.34 4.8% | E11: 8288813 | F11: 43800 | G11: 7.17 | H11: צמוד למדד המחירים לצרכן | I11: 49279 | J11: 0.048 | K11: 0.0184 | L11: 5079000 | M11: 145.8446 | N11: 7407.4496 | Q11: 0.009029 | R11: 0.001807
A12: 274 | B12: 274 | C12: ערד בקרן פנסיה ותיקה | D12: ערד 8825 01.04.30 4.8% | E12: 8288250 | F12: 42095 | G12: 3.46 | H12: צמוד למדד המחירים לצרכן | I12: 47574 | J12: 0.048 | K12: 0.0168 | L12: 20343000 | M12: 136.416 | N12: 27751.112 | Q12: 0.033826 | R12: 0.00677
A13: 274 | B13: 274 | C13: ערד בקרן פנסיה ותיקה | D13: ערד 8882 01.01.35 4.8% | E13: 8288821 | F13: 43831 | G13: 7.12 | H13: צמוד למדד המחירים לצרכן | I13: 49310 | J13: 0.048 | K13: 0.0184 | L13: 459000 | M13: 149.0478 | N13: 684.12947 | Q13: 0.000833 | R13: 0.000166
... A78: 274 | B78: 274 | C78: ערד בקרן פנסיה ותיקה | D78: ערד 8849 2.4.32 4.8% | E78: 8288490 | F78: 42827 | G78: 5.11 | H78: צמוד למדד המחירים לצרכן | I78: 48306 | J78: 0.048 | K78: 0.0174 | L78: 2030000 | M78: 142.6522 | N78: 2895.8387 | Q78: 0.003529 | R78: 0.000706

Sheet אפיק השקעה מובטח תשואה
A1: מספר קרן | B1: מספר מסלול | C1: מאפיין עיקרי | D1: חודש הנפקת שכבה | E1: חודש הבדיקה | F1: שווי הנכסים באפיק (באלפי ש"ח) | G1: שיעור מסך נכסי ההשקעה
A2: 274 | B2: 274

Sheet לא סחיר ניירות ערך מסחריים
A1: מספר קופה/קרן/ח.פ. עבור חברת ביטוח | B1: מספר מסלול | C1: שם מנפיק | D1: מספר מנפיק | E1: סוג מספר מזהה מנפיק | F1: שם נייר ערך | G1: מספר נייר ערך | H1: סוג מספר נייר ערך | I1: מאפיין עיקרי | J1: ישראל/חו"ל | K1: מדינה לפי חשיפה כלכלית | L1: ענף מסחר | M1: בעל עניין/צד קשור | N1: תאריך רכישה | O1: דירוג | P1: שם מדרג | Q1: דירוג נייר הערך/המנפיק | R1: מטבע פעילות | S1: מח"מ | T1: סוג הצמדה | U1: ריבית עוגן | V1: מועד פדיון | W1: שיעור ריבית | X1: תשואה לפדיון | Y1: נחיתות חוזית | Z1: האם סווג כחוב בעייתי | AA1: סוג גורם משערך | AB1: תלות/אי-תלות המשערך | AC1: שם גורם משערך | AD1: תאריך שערוך אחרון | AE1: תאריך אחרון בו נבחנה בפועל ירידת ערך | AF1: ערך נקוב (יחידות) | AG1: שער חליפין | AH1: שער נייר הערך | AI1: שווי הוגן (באלפי ש"ח) | AJ1: עלות מופחתת (באלפי ש"ח) | AK1: עלות מופחתת (במטבע הפעילות) | AL1: השיטה שיושמה בדוח הכספי | AM1: שיעור מנכסי אפיק ההשקעה | AN1: שיעור מסך נכסי ההשקעה
A2: 274 | B2: 274

Sheet לא סחיר איגרות חוב
A1: מספר קופה/קרן/ח.פ. עבור חברת ביטוח | B1: מספר מסלול | C1: שם מנפיק | D1: מספר מנפיק | E1: סוג מספר מזהה מנפיק | F1: שם נייר ערך | G1: מספר נייר ערך | H1: סוג מספר נייר ערך | I1: מאפיין עיקרי | J1: ישראל/חו"ל | K1: מדינה לפי חשיפה כלכלית | L1: סטאטוס סחירות | M1: ענף מסחר | N1: בעל עניין/צד קשור | O1: תאריך רכישה | P1: דירוג | Q1: שם מדרג | R1: דירוג נייר הערך/המנפיק | S1: מטבע פעילות | T1: מח"מ | U1: מועד פדיון | V1: תשואה לפדיון | W1: שיעור ריבית | X1: נחיתות חוזית | Y1: האם סווג כחוב בעייתי | Z1: סוג גורם משערך | AA1: תלות/אי-תלות המשערך | AB1: תאריך שערוך אחרון | AC1: תאריך אחרון בו נבחנה בפועל ירידת ערך | AD1: ערך נקוב (יחידות) | AE1: שער חליפין | AF1: שער נייר הערך | AG1: שווי הוגן (באלפי ש"ח) | AH1: עלות מופחתת (באלפי ש"ח) | AI1: עלות מופחתת (במטבע הפעילות) | AJ1: השיטה שיושמה בדוח הכספי | AK1: שיעור מנכסי אפיק ההשקעה | AL1: שיעור מסך נכסי ההשקעה
A2: 274 | B2: 274 | C2: מקורות חברת מים בע"מ | D2: 520010869 | E2: ח.פ. | F2: מקורות סדרה ו | G2: IL0011009086 | H2: ISIN | I2: צמוד למדד המחירים לצרכן | J2: ישראל | K2: ישראל | L2: לא סחיר | M2: שרותים | N2: לא | O2: 39076 | P2: ilAAA | Q2: S&P מעלות | R2: נייר ערך | S2: ILS | T2: 4.89 | U2: 50034 | V2: 0.0228 | W2: 0.049 | X2: החוב לא נחות | Z2: חברת ציטוט | AA2: אי-תלות | AB2: 46203 | AD2: 1008894.8 | AE2: 1 | AF2: 166.6199 | AG2: 1681.0205 | AK2: 0.132927 | AL2: 0.00041
A3: 274 | B3: 274 | C3: נתיבי הגז הטבעי לישראל בע"מ | D3: 513436394 | E3: ח.פ. | F3: נתיבי גז א | G3: IL0011030843 | H3: ISIN | I3: צמוד למדד המחירים לצרכן | J3: ישראל | K3: ישראל | L3: לא סחיר | M3: שרותים | N3: לא | O3: 39084 | P3: ilAAA | Q3: S&P מעלות | R3: נייר ערך | S3: ILS | T3: 0.5 | U3: 46385 | V3: 0.052 | W3: 0.056 | X3: החוב לא נחות | Z3: חברת ציטוט | AA3: אי-תלות | AB3: 46203 | AD3: 24912.71 | AE3: 1 | AF3: 144.5 | AG3: 35.99887 | AK3: 0.002846 | AL3: 8e-06
A4: 274 | B4: 274 | C4: מקורות חברת מים בע"מ | D4: 520010869 | E4: ח.פ. | F4: מקורות 8 4.1% 2048 | G4: IL0011243461 | H4: ISIN | I4: צמוד למדד המחירים לצרכן | J4: ישראל | K4: ישראל | L4: לא סחיר | M4: שרותים | N4: לא | O4: 40738 | P4: ilAAA | Q4: S&P מעלות | R4: נייר ערך | S4: ILS | T4: 8.75 | U4: 54253 | V4: 0.0264 | W4: 0.041 | X4: החוב לא נחות | Z4: חברת ציטוט | AA4: אי-תלות | AB4: 46203 | AD4: 4454014.7 | AE4: 1 | AF4: 144.8199 | AG4: 6450.3041 | AK4: 0.510061 | AL4: 0.001573
A5: 274 | B5: 274 | C5: נתיבי הגז הטבעי לישראל בע"מ | D5: 513436394 | E5: ח.פ. | F5: נתיבי גז ג | G5: IL0011255093 | H5: ISIN | I5: צמוד למדד המחירים לצרכן | J5: ישראל | K5: ישראל | L5: לא סחיר | M5: שרותים | N5: לא | O5: 40910 | P5: ilAAA | Q5: S&P מעלות | R5: נייר ערך | S5: ILS | T5: 2.63 | U5: 48213 | V5: 0.0225 | W5: 0.048 | X5: החוב לא נחות | Z5: חברת ציטוט | AA5: אי-תלות | AB5: 46203 | AD5: 2341402.5 | AE5: 1 | AF5: 131.52 | AG5: 3079.4125 | AK5: 0.243506 | AL5: 0.000751
A6: 274 | B6: 274 | C6: מתם מרכז תעשיות מדע חיפה בע"מ | D6: 510687403 | E6: ח.פ. | F6: מת"ם אגח א -רמ | G6: IL0011389991 | H6: ISIN | I6: לא צמוד למדד המחירים לצרכן | J6: ישראל | K6: ישראל | L6: לא סחיר | M6: נדל"ן מניב בישראל | N6: לא | O6: 42598 | P6: ilAA | Q6: S&P מעלות | R6: נייר ערך | S6: ILS | T6: 0.99 | U6: 46568 | V6: 0.0373 | W6: 0.031 | X6: החוב לא נחות | Z6: חברת ציטוט | AA6: אי-תלות | AB6: 46203 | AD6: 224000.06 | AE6: 1 | AF6: 99.43 | AG6: 222.72326 | AK6: 0.017611 | AL6: 5.4e-05
A7: 274 | B7: 274 | C7: אורמת טכנולוגיות, אינק (דואלי) | D7: 880326081 | E7: ח.פ. | F7: אורמת 4 | G7: IL0011672123 | H7: ISIN | I7: לא צמוד למדד המחירים לצרכן | J7: ישראל | K7: ישראל | L7: סחיר | M7: אנרגיה מתחדשת | N7: לא | O7: 44014 | P7: A+ | Q7: פנימי | R7: נייר ערך | S7: ILS | T7: 2.79 | U7: 48014 | V7: 0.0431 | W7: 0.0335 | X7: החוב לא נחות | Z7: חברת ציטוט | AA7: אי-תלות | AB7: 46203 | AD7: 178065.5 | AE7: 1 | AF7: 97.6499 | AG7: 173.88096 | AK7: 0.013749 | AL7: 4.2e-05
A8: 274 | B8: 274 | C8: רשות שדות התעופה בישראל | D8: 500102868 | E8: ח.פ. | F8: רש"ת אגח א-רמ | G8: IL0011873358 | H8: ISIN | I8: צמוד למדד המחירים לצרכן | J8: ישראל | K8: ישראל | L8: לא סחיר | M8: שרותים | N8: לא | O8: 44740 | P8: AA+ | Q8: פנימי | R8: נייר ערך | S8: ILS | T8: 2.98 | U8: 48213 | V8: 0.0236 | W8: 0.0155 | X8: החוב לא נחות | Z8: חברת ציטוט | AA8: אי-תלות | AB8: 46203 | AD8: 247500 | AE8: 1 | AF8: 110.35 | AG8: 273.11625 | AK8: 0.021596 | AL8: 6.6e-05
A9: 274 | B9: 274 | C9: רשות שדות התעופה בישראל | D9: 500102868 | E9: ח.פ. | F9: רש"ת אגח ב-רמ | G9: IL0011873432 | H9: ISIN | I9: צמוד למדד המחירים לצרכן | J9: ישראל | K9: ישראל | L9: לא סחיר | M9: שרותים | N9: לא | O9: 44740 | P9: AA+ | Q9: פנימי | R9: נייר ערך | S9: ILS | T9: 5.94 | U9: 50040 | V9: 0.0246 | W9: 0.0175 | X9: החוב לא נחות | Z9: חברת ציטוט | AA9: אי-תלות | AB9: 46203 | AD9: 673200 | AE9: 1 | AF9: 108.39 | AG9: 729.68148 | AK9: 0.057699 | AL9: 0.000178

Sheet לא סחיר מניות מבכ ויהש
A1: מספר קופה/קרן/ח.פ. עבור חברת ביטוח | B1: מספר מסלול | C1: שם מנפיק | D1: מספר מנפיק | E1: סוג מספר מזהה מנפיק | F1: שם נייר ערך | G1: מספר נייר ערך | H1: סוג מספר נייר ערך | I1: מאפיין עיקרי | J1: ישראל/חו"ל | K1: מדינה לפי חשיפה כלכלית | L1: סטאטוס סחירות | M1: ענף מסחר | N1: בעל עניין/צד קשור | O1: תאריך רכישה | P1: מטבע פעילות | Q1: סוג גורם משערך | R1: תלות/אי-תלות המשערך | S1: תאריך שערוך אחרון | T1: תאריך אחרון בו נבחנה בפועל ירידת ערך | U1: ערך נקוב (יחידות) | V1: שער חליפין | W1: שער נייר הערך | X1: שווי הוגן (באלפי ש"ח) | Y1: שיעור מנכסי אפיק ההשקעה | Z1: שיעור מסך נכסי ההשקעה
A2: 274 | B2: 274

Sheet קרנות השקעה
A1: מספר קופה/קרן/ח.פ. עבור חברת ביטוח | B1: מספר מסלול | C1: שם שותף כללי קרן השקעות | D1: מספר מזהה שותף כללי קרן השקעות | E1: סוג מספר מזהה שותף כללי קרן השקעות | F1: שם קרן השקעה | G1: מספר מזהה קרן השקעה | H1: סוג מספר מזהה קרן השקעות | I1: מאפיין עיקרי | J1: אסטרטגיית קרן ההשקעה | K1: ישראל/חו"ל | L1: מדינת התאגדות קרן השקעה | M1: מיקום משרד השותף הכללי | N1: מדינה לפי חשיפה כלכלית | O1: בעל עניין/צד קשור | P1: תאריך רכישה | Q1: מטבע פעילות | R1: סוג גורם משערך | S1: תלות/אי-תלות המשערך | T1: תאריך שערוך אחרון | U1: שער חליפין | V1: NAV (במטבע הדיווח של קרן ההשקעה) | W1: שווי הוגן (באלפי ש"ח) | X1: שיעור החזקה בקרן השקעה | Y1: שיעור מנכסי אפיק ההשקעה | Z1: שיעור מסך נכסי ההשקעה
A2: 274 | B2: 274 | C2: IIF | F2: A ת.ש.י דרכים מר | G2: 6254 | H2: פנימי | I2: קרן אנרגיה ותשתיות | K2: ישראל | N2: ישראל | O2: לא | P2: 40542 | Q2: ILS | R2: דיווח מנהל הקרן | S2: אי-תלות | T2: 46203 | U2: 1 | V2: 2480.2811 | W2: 2480.2811 | X2: 1.8e-05 | Y2: 1 | Z2: 0.000605

Sheet לא סחיר כתבי אופציה
A1: מספר קופה/קרן/ח.פ. עבור חברת ביטוח | B1: מספר מסלול | C1: שם מנפיק | D1: מספר מנפיק | E1: סוג מספר מזהה מנפיק | F1: שם נייר ערך | G1: מספר נייר ערך | H1: סוג מספר נייר ערך | I1: ישראל/חו"ל | J1: מדינה לפי חשיפה כלכלית | K1: סטאטוס סחירות | L1: נכס בסיס (כתב אופציה) | M1: ענף מסחר | N1: תאריך פקיעה | O1: בעל עניין/צד קשור | P1: תאריך רכישה | Q1: מטבע פעילות | R1: סוג גורם משערך | S1: תלות/אי-תלות המשערך | T1: תאריך שערוך אחרון | U1: שער מימוש | V1: יחס המרה | W1: ערך נקוב (יחידות) | X1: שער נייר הערך | Y1: שער חליפין | Z1: שווי הוגן (באלפי ש"ח) | AA1: שיעור מנכסי אפיק ההשקעה | AB1: שיעור מסך נכסי ההשקעה
A2: 274 | B2: 274

Sheet לא סחיר אופציות
A1: מספר קופה/קרן/ח.פ. עבור חברת ביטוח | B1: מספר מסלול | C1: שם מנפיק | D1: מספר מנפיק | E1: סוג מספר מזהה מנפיק | F1: שם נייר ערך | G1: מספר נייר ערך | H1: סוג מספר נייר ערך | I1: מאפיין עיקרי | J1: ישראל/חו"ל | K1: מדינה לפי חשיפה כלכלית | L1: ענף מסחר | M1: נכס בסיס | N1: תאריך פקיעה | O1: בעל עניין/צד קשור | P1: תאריך רכישה | Q1: מטבע פעילות | R1: סוג גורם משערך | S1: תלות/אי-תלות המשערך | T1: תאריך שערוך אחרון | U1: שער מימוש | V1: יחס המרה | W1: ערך נקוב (יחידות) | X1: שער נייר הערך | Y1: שער חליפין | Z1: שווי הוגן (באלפי ש"ח) | AA1: שיעור מנכסי אפיק ההשקעה | AB1: שיעור מסך נכסי ההשקעה
A2: 274 | B2: 274

Sheet לא סחיר נגזרים אחרים
A1: מספר קופה/קרן/ח.פ. עבור חברת ביטוח | B1: מספר מסלול | C1: מאפיין עיקרי | D1: מספר עסקה (רגל 1) | E1: מטבע פעילות (רגל 1) | F1: שער חליפין (רגל 1) | G1: ערך נקוב (רגל 1) | H1: שווי הוגן במטבע הנסחר (רגל 1) | I1: שיעור מנכסי אפיק ההשקעה (רגל 1) | J1: שיעור מסך נכסי ההשקעה (רגל 1) | K1: מספר עסקה (רגל 2) | L1: מטבע פעילות (רגל 2) | M1: שער חליפין (רגל 2) | N1: ערך נקוב (רגל 2) | O1: שווי הוגן במטבע הנסחר (רגל 2) | P1: שיעור מנכסי ההשקעה (רגל 2) | Q1: שיעור מסך אפיק ההשקעה (רגל 2) | R1: שווי הוגן (נטו באלפי ש"ח) | S1: ישראל/חו"ל | T1: מדינה לפי חשיפה כלכלית | U1: סוג הנכס | V1: פקטור מוביל | W1: פקטור נוסף | X1: טיקר | Y1: בעל עניין/צד קשור | Z1: מועד ההתקשרות בעסקה | AA1: מועד סיום חוזי | AB1: תדירות Reset | AC1: סוג הסליקה | AD1: נספח התחשבנות בטחונות - CSA | AE1: גורם מצטט | AF1: ריבית עוגן | AG1: תקופת ריבית עוגן | AH1: שיעור ריבית עוגן | AI1: שער נכס הבסיס במועד ההתקשרות בעסקה | AJ1: שער הנגזר במועד ההתקשרות בעסקה | AK1: האם קיים קנס בגין יציאה מוקדמת | AL1: שיעור הקנס בגין יציאה מוקדמת | AM1: צד נגדי - Counterparty | AN1: שיעור מנכסי אפיק ההשקעה | AO1: שיעור מסך נכסי ההשקעה
A2: 274 | B2: 274 | C2: Funded Forward | D2: 76021601 | E2: USD | F2: 2.978 | G2: -30000 | H2: -30 | I2: -0.00099868846 | J2: -2.1797636e-05 | K2: 760216010 | L2: ILS | M2: 1 | N2: 30000 | O2: 95.29296 | P2: 2.325007e-05 | Q2: -0.0047339346 | R2: 5.95296 | S2: ישראל | T2: ישראל | U2: מט"ח | V2: אחר | W2: מט"ח/₪ | X2: USDILS | Y2: לא | Z2: 46029 | AA2: 46398 | AB2: ללא | AC2: Delivery | AD2: קיים חוזה | AE2: הצד הנגדי | AF2: ללא | AG2: ללא | AI2: 3.175 | AM2: POALIILIT | AN2: 0.0019912846 | AO2: 1.452434e-06
A3: 274 | B3: 274 | C3: Funded Swap | D3: 31011191 | E3: ILS | F3: 1 | G3: 1600000 | H3: 1968.3567 | I3: 0.065525837 | J3: 0.00048024986 | K3: 310111910 | L3: ILS | M3: 1 | N3: -1600000 | O3: -2054.138 | P3: -0.00050117922 | Q3: 0.10204484 | R3: -85.7813 | S3: ישראל | T3: ישראל | U3: מדד המחירים לצרכן | V3: אחר | W3: מדדים | X3: ILSILS | Y3: לא | Z3: 44718 | AA3: 48715 | AB3: ללא | AC3: No-delivery | AD3: קיים חוזה | AE3: הצד הנגדי | AF3: ללא | AG3: ללא | AI3: 1 | AM3: IDBLILITXXX | AN3: -0.028694126 | AO3: -2.0929366e-05
A4: 274 | B4: 274 | C4: Funded Swap | D4: 31011130 | E4: ILS | F4: 1 | G4: 1900000 | H4: 2409.97 | I4: 0.080226975 | J4: 0.00058799696 | K4: 310111300 | L4: ILS | M4: 1 | N4: -1900000 | O4: -2386.284 | P4: -0.00058221792 | Q4: 0.11854509 | R4: 23.68601 | S4: ישראל | T4: ישראל | U4: מדד המחירים לצרכן | V4: אחר | W4: מדדים | X4: ILSILS | Y4: לא | Z4: 44718 | AA4: 48219 | AB4: ללא | AC4: No-delivery | AD4: קיים חוזה | AE4: הצד הנגדי | AF4: ללא | AG4: ללא | AI4: 1 | AM4: LEUMIILILTXXX | AN4: 0.0079230479 | AO4: 5.7790353e-06
A5: 274 | B5: 274 | C5: Funded Swap | D5: 31011197 | E5: ILS | F5: 1 | G5: 1200000 | H5: -1543.9945 | I5: -0.051398984 | J5: -0.00037671178 | K5: 310111970 | L5: ILS | M5: 1 | N5: -1200000 | O5: 1491.7299 | P5: 0.00036395999 | Q5: -0.074105705 | R5: -52.26459 | S5: ישראל | T5: ישראל | U5: מדד המחירים לצרכן | V5: אחר | W5: מדדים | X5: ILSILS | Y5: לא | Z5: 45768 | AA5: 49420 | AB5: ללא | AC5: No-delivery | AD5: קיים חוזה | AE5: הצד הנגדי | AF5: ללא | AG5: ללא | AI5: 1 | AM5: LEUMIILILTXXX | AN5: -0.017482677 | AO5: -1.2751785e-05
A6: 274 | B6: 274 | C6: Funded Swap | D6: 31011190 | E6: ILS | F6: 1 | G6: 900000 | H6: 1111.1115 | I6: 0.036988475 | J6: 0.00027109474 | K6: 310111900 | L6: ILS | M6: 1 | N6: -900000 | O6: -1165.635 | P6: -0.00028439766 | Q6: 0.05790606 | R6: -54.52348 | S6: ישראל | T6: ישראל | U6: מדד המחירים לצרכן | V6: אחר | W6: מדדים | X6: ILSILS | Y6: לא | Z6: 44648 | AA6: 48652 | AB6: ללא | AC6: No-delivery | AD6: קיים חוזה | AE6: הצד הנגדי | AF6: ללא | AG6: ללא | AI6: 1 | AM6: IDBLILITXXX | AN6: -0.018238283 | AO6: -1.3302921e-05
A7: 274 | B7: 274 | C7: Funded Swap | D7: 31011170 | E7: ILS | F7: 1 | G7: 2500000 | H7: 3258.162 | I7: 0.10846296 | J7: 0.00079494323 | K7: 310111700 | L7: ILS | M7: 1 | N7: -2500000 | O7: -3156.7688 | P7: -0.0007702048 | Q7: 0.156821 | R7: 101.39318 | S7: ישראל | T7: ישראל | U7: מדד המחירים לצרכן | V7: אחר | W7: מדדים | X7: ILSILS | Y7: לא | Z7: 45152 | AA7: 46425 | AB7: ללא | AC7: No-delivery | AD7: קיים חוזה | AE7: הצד הנגדי | AF7: ללא | AG7: ללא | AI7: 1 | AM7: POALIILIT | AN7: 0.033916351 | AO7: 2.4738433e-05
A8: 274 | B8: 274 | C8: Funded Forward | D8: 76021620 | E8: USD | F8: 2.978 | G8: -100000 | H8: -100 | I8: -0.0033289615 | J8: -7.2658785e-05 | K8: 760216200 | L8: ILS | M8: 1 | N8: 100000 | O8: 310.28441 | P8: 7.5704796e-05 | Q8: -0.015414214 | R8: 12.48441 | S8: ישראל | T8: ישראל | U8: מט"ח | V8: אחר | W8: מט"ח/₪ | X8: USDILS | Y8: לא | Z8: 46062 | AA8: 46342 | AB8: ללא | AC8: Delivery | AD8: קיים חוזה | AE8: הצד הנגדי | AF8: ללא | AG8: ללא | AI8: 3.105 | AM8: POALIILIT | AN8: 0.004176076 | AO8: 3.046011e-06
A9: 274 | B9: 274 | C9: Funded Swap | D9: 31010411 | E9: ILS | F9: 1 | G9: 1082000 | H9: 1320.6285 | I9: 0.043963213 | J9: 0.00032221377 | K9: 310104110 | L9: ILS | M9: 1 | N9: -1082000 | O9: -1376.965 | P9: -0.00033595905 | Q9: 0.068404447 | R9: -56.33654 | S9: ישראל | T9: ישראל | U9: מדד המחירים לצרכן | V9: אחר | W9: מדדים | X9: ILSILS | Y9: לא | Z9: 45628 | AA9: 49023 | AB9: ללא | AC9: No-delivery | AD9: קיים חוזה | AE9: הצד הנגדי | AF9: ללא | AG9: ללא | AI9: 1 | AM9: LEUMIILILTXXX | AN9: -0.018844757 | AO9: -1.3745281e-05
A10: 274 | B10: 274 | C10: Funded Forward | D10: 76021600 | E10: USD | F10: 2.978 | G10: -270000 | H10: -270 | I10: -0.0089881962 | J10: -0.00019617872 | K10: 760216000 | L10: ILS | M10: 1 | N10: 270000 | O10: 857.63663 | P10: 0.00020925062 | Q10: -0.042605411 | R10: 53.57663 | S10: ישראל | T10: ישראל | U10: מט"ח | V10: אחר | W10: מט"ח/₪ | X10: USDILS | Y10: לא | Z10: 46029 | AA10: 46398 | AB10: ללא | AC10: No-delivery | AD10: קיים חוזה | AE10: הצד הנגדי | AF10: ללא | AG10: ללא | AI10: 3.175 | AM10: POALIILIT | AN10: 0.017921558 | AO10: 1.3071904e-05
A11: 274 | B11: 274 | C11: Funded Forward | D11: 76021614 | E11: USD | F11: 2.978 | G11: -100000 | H11: -100 | I11: -0.0033289615 | J11: -7.2658785e-05 | K11: 760216140 | L11: ILS | M11: 1 | N11: 100000 | O11: 309.23488 | P11: 7.5448727e-05 | Q11: -0.015362076 | R11: 11.43488 | S11: ישראל | T11: ישראל | U11: מט"ח | V11: אחר | W11: מט"ח/₪ | X11: USDILS | Y11: לא | Z11: 46050 | AA11: 46237 | AB11: ללא | AC11: Delivery | AD11: לא קיים חוזה | AE11: הצד הנגדי | AF11: ללא | AG11: ללא | AI11: 3.091 | AM11: MIZBILIT | AN11: 0.0038250048 | AO11: 2.7899412e-06
A12: 274 | B12: 274 | C12: Funded Total Return/Equity Swap | D12: 31011198 | E12: USD | F12: 2.978 | G12: 347 | H12: 492.00332 | I12: 0.016378601 | J12: 0.00035748364 | K12: 31011199 | L12: USD | M12: 2.978 | N12: -347 | O12: -133.46937 | P12: -9.6977223e-05 | Q12: 0.0066304507 | R12: 1067.7141 | S12: ישראל | T12: אסיה | U12: מניות לרבות מדדי מניות | V12: אחר | W12: מדדים | X12: NDDUWI INDEX | Y12: לא | Z12: 45958 | AA12: 46322 | AB12: ללא | AC12: No-delivery | AD12: קיים חוזה | AE12: הצד הנגדי | AF12: ללא | AG12: ללא | AI12: 14164.966 | AM12: LEUMIILILTXXX | AN12: 0.35715387 | AO12: 0.00026050641
A13: 274 | B13: 274 | C13: Funded Total Return/Equity Swap | D13: 31011201 | E13: USD | F13: 2.978 | G13: 357 | H13: 694.94977 | I13: 0.023134611 | J13: 0.00050494206 | K13: 31011202 | L13: USD | M13: 2.978 | N13: -357 | O13: -123.0338 | P13: -8.9394865e-05 | Q13: 0.0061120356 | R13: 1703.1658 | S13: חו"ל | T13: אסיה | U13: מניות לרבות מדדי מניות | V13: אחר | W13: מדדים | X13: NDDUWI INDEX | Y13: לא | Z13: 45979 | AA13: 46343 | AB13: ללא | AC13: No-delivery | AD13: קיים חוזה | AE13: הצד הנגדי | AF13: ללא | AG13: ללא | AI13: 13640 | AM13: GOLDUS33001 | AN13: 0.56971453 | AO13: 0.0004155472
... A25: 274 | B25: 274 | C25: Funded Forward | D25: 76021618 | E25: USD | F25: 2.978 | G25: -1600000 | H25: -1600 | I25: -0.053263385 | J25: -0.0011625406 | K25: 760216180 | L25: ILS | M25: 1 | N25: 1600000 | O25: 4980.0259 | P25: 0.0012150525 | Q25: -0.24739621 | R25: 215.22589 | S25: חו"ל | T25: ארה"ב | U25: מט"ח | V25: אחר | W25: מט"ח/₪ | X25: USDILS | Y25: לא | Z25: 46058 | AA25: 46335 | AB25: ללא | AC25: Delivery | AD25: קיים חוזה | AE25: הצד הנגדי | AF25: ללא | AG25: ללא | AI25: 3.117 | AM25: CITIUS33 | AN25: 0.071993765 | AO25: 5.2511927e-05

Sheet הלוואות
A1: מספר קופה/קרן/ח.פ. עבור חברת ביטוח | B1: מספר מסלול | C1: מספר מזהה לווה | D1: סוג מספר מזהה לווה | E1: שם הלוואה | F1: מספר הלוואה | G1: מאפיין עיקרי | H1: מאפיין הלוואות מתואמות עבור זכויות מקרקעין | I1: ישראל/חו"ל | J1: מדינה לפי חשיפה כלכלית | K1: ענף מסחר | L1: בעל עניין/צד קשור | M1: קונסורציום/ סינדיקציה | N1: מספר קונסורציום/ סינדיקציה | O1: תאריך העמדת הלוואה | P1: דירוג | Q1: שם מדרג | R1: דירוג הלוואה/המנפיק | S1: מטבע פעילות | T1: מח"מ | U1: סוג הריבית | V1: שיעור ריבית | W1: סוג הצמדה | X1: ריבית עוגן | Y1: שיעור תוספת/הפחתה לריבית העוגן | Z1: תשואה לפדיון | AA1: מועד פדיון | AB1: נחיתות חוזית | AC1: סוג בטוחה | AD1: שווי הבטוחות העומדות כנגד ההלוואה | AE1: שיעור הבטוחות מהחוב | AF1: מועד עדכון אחרון לשווי הבטוחות | AG1: זכות חזרה | AH1: מבנה לוח סילוקין | AI1: יעוד הלוואה | AJ1: זכות פירעון מוקדם | AK1: סוג גורם משערך | AL1: שם גורם משערך | AM1: תלות/אי-תלות המשערך | AN1: תאריך שערוך אחרון | AO1: תאריך אחרון בו נבחנה בפועל ירידת ערך | AP1: שיעור ריבית בגין אי-ניצול מסגרת האשראי | AQ1: ערך נקוב | AR1: שער הלוואה | AS1: שער חליפין | AT1: שווי הוגן (באלפי ש"ח) | AU1: שווי הוגן (במטבע הפעילות) | AV1: עלות מופחתת (באלפי ש"ח) | AW1: עלות מופחתת (במטבע הפעילות) | AX1: האם סווג כחוב בעייתי | AY1: השיטה שיושמה בדוח הכספי | AZ1: שיעור מנכסי אפיק ההשקעה | BA1: שיעור מסך נכסי ההשקעה
A2: 274 | B2: 274 | F2: 34777 | G2: תאגיד | H2: תשתיות - שלב הקמה | I2: ישראל | K2: אנרגיה | L2: לא | M2: כן | O2: 41281 | P2: Aa3.il | Q2: מידרוג Moodys | R2: הלוואה | S2: ILS | T2: 3.11 | U2: קבועה | V2: 0.0535 | Z2: 0.0202 | AA2: 48479 | AB2: החוב לא נחות | AJ2: כן | AK2: חברת ציטוט | AM2: אי-תלות | AN2: 46203 | AQ2: 94426.37 | AR2: 136.21 | AS2: 1 | AT2: 128.61816 | AU2: 128.61816 | AZ2: 0.010306 | BA2: 3.1e-05
A3: 274 | B3: 274 | F3: 8070187 | G3: תאגיד | H3: תשתיות - שלב הקמה | I3: ישראל | K3: תשתיות | L3: לא | M3: כן | O3: 38258 | P3: Aaa.il | Q3: מידרוג Moodys | R3: הלוואה | S3: ILS | T3: 0.75 | U3: קבועה | V3: 0.051695 | Z3: 0.0203 | AA3: 46568 | AB3: החוב לא נחות | AJ3: כן | AK3: חברת ציטוט | AM3: אי-תלות | AN3: 46203 | AQ3: 19447.46 | AR3: 152.4 | AS3: 1 | AT3: 29.63793 | AU3: 29.63793 | AZ3: 0.002374 | BA3: 7e-06
A4: 274 | B4: 274 | F4: 72002029 | G4: תאגיד | H4: תשתיות - שלב הקמה | I4: ישראל | K4: חשמל | L4: לא | M4: כן | O4: 46194 | P4: Aa3.il | Q4: מידרוג Moodys | R4: הלוואה | S4: ILS | T4: 3.97 | U4: קבועה | V4: 0.039295 | Z4: 0.0393 | AA4: 48844 | AB4: החוב לא נחות | AJ4: כן | AK4: חברת ציטוט | AM4: אי-תלות | AN4: 46203 | AQ4: 4292 | AR4: 100.2399 | AS4: 1 | AT4: 4.3023 | AU4: 4.3023 | AZ4: 0.000344 | BA4: 1e-06
A5: 274 | B5: 274 | F5: 8070195 | G5: תאגיד | H5: תשתיות - שלב הקמה | I5: ישראל | K5: תשתיות | L5: לא | M5: כן | O5: 38258 | P5: Aaa.il | Q5: מידרוג Moodys | R5: הלוואה | S5: ILS | T5: 0.75 | U5: קבועה | V5: 0.051695 | Z5: 0.0202 | AA5: 46568 | AB5: החוב לא נחות | AJ5: כן | AK5: חברת ציטוט | AM5: אי-תלות | AN5: 46203 | AQ5: 19555.52 | AR5: 152.8699 | AS5: 1 | AT5: 29.89452 | AU5: 29.89452 | AZ5: 0.002395 | BA5: 7e-06
A6: 274 | B6: 274 | F6: 72002028 | G6: תאגיד | H6: תשתיות - שלב הקמה | I6: ישראל | K6: חשמל | L6: לא | M6: כן | O6: 46149 | P6: Aa3.il | Q6: מידרוג Moodys | R6: הלוואה | S6: ILS | T6: 4.04 | U6: קבועה | V6: 0.039974 | Z6: 0.0408 | AA6: 48844 | AB6: החוב לא נחות | AJ6: כן | AK6: חברת ציטוט | AM6: אי-תלות | AN6: 46203 | AQ6: 8542 | AR6: 101.2699 | AS6: 1 | AT6: 8.65048 | AU6: 8.65048 | AZ6: 0.000693 | BA6: 2e-06
A7: 274 | B7: 274 | F7: 72002027 | G7: תאגיד | H7: תשתיות - שלב הקמה | I7: ישראל | K7: חשמל | L7: לא | M7: כן | O7: 46149 | P7: Aa3.il | Q7: מידרוג Moodys | R7: הלוואה | S7: ILS | T7: 4.11 | U7: קבועה | V7: 0.040125 | Z7: 0.081 | AA7: 48844 | AB7: החוב לא נחות | AJ7: כן | AK7: חברת ציטוט | AM7: אי-תלות | AN7: 46203 | AQ7: 10503 | AR7: 101.28 | AS7: 1 | AT7: 10.63744 | AU7: 10.63744 | AZ7: 0.000852 | BA7: 2e-06
A8: 274 | B8: 274 | F8: 72002026 | G8: תאגיד | H8: תשתיות - שלב הקמה | I8: ישראל | K8: חשמל | L8: לא | M8: כן | O8: 46149 | P8: Aa3.il | Q8: מידרוג Moodys | R8: הלוואה | S8: ILS | T8: 3.95 | U8: קבועה | V8: 0.039818 | Z8: 0.0407 | AA8: 48844 | AB8: החוב לא נחות | AJ8: כן | AK8: חברת ציטוט | AM8: אי-תלות | AN8: 46203 | AQ8: 7714 | AR8: 101.27 | AS8: 1 | AT8: 7.81197 | AU8: 7.81197 | AZ8: 0.000625 | BA8: 1e-06
A9: 274 | B9: 274 | F9: 72002025 | G9: תאגיד | H9: תשתיות - שלב הקמה | I9: ישראל | K9: חשמל | L9: לא | M9: כן | O9: 46107 | P9: Aa3.il | Q9: מידרוג Moodys | R9: הלוואה | S9: ILS | T9: 4.04 | U9: קבועה | V9: 0.040847 | Z9: 0.0382 | AA9: 48844 | AB9: החוב לא נחות | AJ9: כן | AK9: חברת ציטוט | AM9: אי-תלות | AN9: 46203 | AQ9: 9849 | AR9: 103.5599 | AS9: 1 | AT9: 10.19962 | AU9: 10.19962 | AZ9: 0.000817 | BA9: 2e-06
A10: 274 | B10: 274 | F10: 72002030 | G10: תאגיד | H10: תשתיות - שלב הקמה | I10: ישראל | K10: חשמל | L10: לא | M10: כן | O10: 46194 | P10: Aa3.il | Q10: מידרוג Moodys | R10: הלוואה | S10: ILS | T10: 4.17 | U10: קבועה | V10: 0.039467 | Z10: 0.0395 | AA10: 48844 | AB10: החוב לא נחות | AJ10: כן | AK10: חברת ציטוט | AM10: אי-תלות | AN10: 46203 | AQ10: 4929 | AR10: 100.2499 | AS10: 1 | AT10: 4.94132 | AU10: 4.94132 | AZ10: 0.000395 | BA10: 1e-06
A11: 274 | B11: 274 | F11: 72002024 | G11: תאגיד | H11: תשתיות - שלב הקמה | I11: ישראל | K11: חשמל | L11: לא | M11: כן | O11: 46107 | P11: Aa3.il | Q11: מידרוג Moodys | R11: הלוואה | S11: ILS | T11: 4.13 | U11: קבועה | V11: 0.040836 | Z11: 0.0381 | AA11: 48844 | AB11: החוב לא נחות | AJ11: כן | AK11: חברת ציטוט | AM11: אי-תלות | AN11: 46203 | AQ11: 7868 | AR11: 103.5899 | AS11: 1 | AT11: 8.15046 | AU11: 8.15046 | AZ11: 0.000653 | BA11: 1e-06
A12: 274 | B12: 274 | F12: 72002022 | G12: תאגיד | H12: תשתיות - שלב הקמה | I12: ישראל | K12: חשמל | L12: לא | M12: כן | O12: 46107 | P12: Aa3.il | Q12: מידרוג Moodys | R12: הלוואה | S12: ILS | T12: 3.97 | U12: קבועה | V12: 0.040759 | Z12: 0.0381 | AA12: 48844 | AB12: החוב לא נחות | AJ12: כן | AK12: חברת ציטוט | AM12: אי-תלות | AN12: 46203 | AQ12: 1544 | AR12: 103.5401 | AS12: 1 | AT12: 1.59866 | AU12: 1.59866 | AZ12: 0.000128 | BA12: 0
A13: 274 | B13: 274 | F13: 72002021 | G13: תאגיד | H13: תשתיות - שלב הקמה | I13: ישראל | K13: חשמל | L13: לא | M13: כן | O13: 46050 | P13: Aa3.il | Q13: מידרוג Moodys | R13: הלוואה | S13: ILS | T13: 4.33 | U13: קבועה | V13: 0.040327 | Z13: 0.0394 | AA13: 48844 | AB13: החוב לא נחות | AJ13: כן | AK13: חברת ציטוט | AM13: אי-תלות | AN13: 46203 | AQ13: 2934 | AR13: 102.8101 | AS13: 1 | AT13: 3.01645 | AU13: 3.01645 | AZ13: 0.000241 | BA13: 0
... A69: 274 | B69: 274 | F69: 8070179 | G69: תאגיד | H69: תשתיות - שלב הקמה | I69: ישראל | K69: תשתיות | L69: לא | M69: כן | O69: 38258 | P69: Aaa.il | Q69: מידרוג Moodys | R69: הלוואה | S69: ILS | T69: 0.75 | U69: קבועה | V69: 0.051695 | Z69: 0.0203 | AA69: 46568 | AB69: החוב לא נחות | AJ69: כן | AK69: חברת ציטוט | AM69: אי-תלות | AN69: 46203 | AQ69: 32270.2 | AR69: 151.3399 | AS69: 1 | AT69: 48.83772 | AU69: 48.83772 | AZ69: 0.003913 | BA69: 1.1e-05

Sheet לא סחיר מוצרים מובנים
A1: מספר קופה/קרן/ח.פ. עבור חברת ביטוח | B1: מספר מסלול | C1: שם מנפיק | D1: מספר מנפיק | E1: סוג מספר מזהה מנפיק | F1: שם נייר ערך | G1: מספר נייר ערך | H1: סוג מספר נייר ערך | I1: מאפיין עיקרי | J1: ישראל/חו"ל | K1: מדינה לפי חשיפה כלכלית | L1: בעל עניין/צד קשור | M1: נכס בסיס | N1: תאריך רכישה | O1: דירוג | P1: שם מדרג | Q1: דירוג נייר הערך/המנפיק | R1: מטבע פעילות | S1: מח"מ | T1: שיעור ריבית | U1: תשואה לפדיון | V1: סוג גורם משערך | W1: תלות/אי-תלות המשערך | X1: תאריך שערוך אחרון | Y1: ערך נקוב (יחידות) | Z1: שער חליפין | AA1: שער נייר הערך | AB1: שווי הוגן (באלפי ש"ח) | AC1: שיעור מנכסי אפיק ההשקעה | AD1: שיעור מסך נכסי ההשקעה
A2: 274 | B2: 274

Sheet פיקדונות מעל 3 חודשים
A1: מספר קופה/קרן/ח.פ. עבור חברת ביטוח | B1: מספר מסלול | C1: שם הבנק | D1: מספר מזהה בנק | E1: סוג מספר מזהה בנק | F1: מאפיין עיקרי | G1: תאריך פקיעת פיקדון | H1: ישראל/חו"ל | I1: מדינה לפי חשיפה כלכלית | J1: בעל עניין/צד קשור | K1: דירוג הבנק | L1: שם מדרג | M1: מטבע פעילות | N1: מח"מ | O1: שיעור ריבית | P1: תשואה לפדיון | Q1: שווי מטבעי | R1: שער חליפין | S1: שער פיקדון | T1: שווי הוגן (באלפי ש"ח) | U1: שיעור מנכסי אפיק ההשקעה | V1: שיעור מסך נכסי ההשקעה
A2: 274 | B2: 274 | C2: בנק מזרחי | D2: 20-21 | E2: סימול בנק | F2: צמוד למדד המחירים לצרכן | G2: 50895 | H2: ישראל | I2: ישראל | J2: לא | K2: Aaa.il | L2: מידרוג Moodys | M2: ILS | N2: 12.85 | P2: 0.0275 | Q2: 3016.3521 | R2: 1 | S2: 109.43 | T2: 3016.3521 | U2: 0.097105 | V2: 0.000735
A3: 274 | B3: 274 | C3: בנק מזרחי | D3: 20-21 | E3: סימול בנק | F3: לא צמוד למדד המחירים לצרכן | G3: 46323 | H3: ישראל | I3: ישראל | J3: לא | K3: Aaa.il | L3: מידרוג Moodys | M3: ILS | N3: 0.33 | P3: 0.0395 | Q3: 14868 | R3: 1 | S3: 103.25 | T3: 14868 | U3: 0.478644 | V3: 0.003627
A4: 274 | B4: 274 | C4: בנק מזרחי | D4: 20-21 | E4: סימול בנק | F4: בטחונות לא שוטפים | H4: ישראל | I4: ישראל | J4: לא | K4: Aaa.il | L4: מידרוג Moodys | M4: ILS | P4: 0 | Q4: 6.52404 | R4: 1 | S4: 0.932 | T4: 6.52404 | U4: 0.00021 | V4: 1e-06
A5: 274 | B5: 274 | C5: GOLDMAN | D5: GOLDUS33001 | E5: SWIFT | F5: בטחונות לא שוטפים | H5: ישראל | I5: בריטניה | J5: לא | K5: BBB+ | L5: S&P | M5: USD | P5: 0 | Q5: -592.54271 | R5: 2.978 | S5: 100 | T5: -1764.5922 | U5: -0.056807 | V5: -0.00043
A6: 274 | B6: 274 | C6: בנק מזרחי | D6: 20-21 | E6: סימול בנק | F6: לא צמוד למדד המחירים לצרכן | G6: 46345 | H6: ישראל | I6: ישראל | J6: לא | K6: Aaa.il | L6: מידרוג Moodys | M6: ILS | N6: 0.39 | P6: 0.0397 | Q6: 14936.45 | R6: 1 | S6: 103.01 | T6: 14936.45 | U6: 0.480848 | V6: 0.003644
A7: 274 | B7: 274 | C7: Barclays Bank Plc New York | D7: BARCUS33 | E7: SWIFT | F7: בטחונות לא שוטפים | H7: ישראל | I7: בריטניה | J7: לא | K7: Baa1 | L7: Moodys | M7: USD | P7: 0 | Q7: -0.00302 | R7: 2.978 | S7: 100 | T7: -0.00899 | U7: 0 | V7: 0

Sheet זכויות מקרקעין
A1: מספר קופה/קרן/ח.פ. עבור חברת ביטוח | B1: מספר מסלול | C1: שם הנכס | D1: מאפיין עיקרי | E1: מדינת מיקום נדל"ן | F1: בעל עניין/צד קשור | G1: תאריך רכישה | H1: שימוש עיקרי בנכס | I1: מחזור חיי הנכס | J1: כתובת הנכס | K1: שיעור תשואה בפועל במהלך הרבעון | L1: השיטה שבאמצעותה נקבע שווי הנכס | M1: סוג גורם משערך | N1: שם גורם משערך | O1: תלות/אי-תלות המשערך | P1: תאריך שערוך אחרון | Q1: מטבע פעילות | R1: שווי הוגן (במטבע הפעילות) | S1: שווי הוגן (באלפי ש"ח) | T1: עלות מופחתת (באלפי ש"ח) | U1: עלות מופחתת (במטבע הפעילות) | V1: השיטה שיושמה בדוח הכספי | W1: שיעור מנכסי אפיק ההשקעה | X1: שיעור מסך נכסי ההשקעה
A2: 274 | B2: 274

Sheet השקעה בחברות מוחזקות
A1: מספר קופה/קרן/ח.פ. עבור חברת ביטוח | B1: מספר מסלול | C1: שם מנפיק | D1: מספר מנפיק | E1: סוג מספר מזהה מנפיק | F1: שם נייר ערך | G1: מספר נייר ערך | H1: סוג מספר נייר ערך | I1: מאפיין עיקרי | J1: ישראל/חו"ל | K1: מדינה לפי חשיפה כלכלית | L1: ענף מסחר | M1: בעל עניין/צד קשור | N1: מטבע פעילות | O1: סוג גורם משערך | P1: תלות/אי-תלות המשערך | Q1: תאריך שערוך אחרון | R1: תאריך אחרון בו נבחנה בפועל ירידת ערך | S1: שיעור אחזקה באמצעי שליטה | T1: שווי מאזני (באלפי ש"ח) | U1: שווי הוגן (באלפי ש"ח) | V1: שיעור מנכסי אפיק ההשקעה | W1: שיעור מסך נכסי ההשקעה
A2: 274 | B2: 274

Sheet נכסים אחרים
A1: מספר קופה/קרן/ח.פ. עבור חברת ביטוח | B1: מספר מסלול | C1: שם הנכס האחר | D1: מספר הנכס האחר | E1: מאפיין עיקרי | F1: ישראל/חו"ל | G1: מדינה לפי חשיפה כלכלית | H1: בעל עניין/צד קשור | I1: תאריך עסקה | J1: מטבע פעילות | K1: תאריך שערוך אחרון | L1: שווי מטבעי | M1: שער חליפין | N1: שווי הוגן (באלפי ש"ח) | O1: עלות מופחתת (באלפי ש"ח) | P1: השיטה שיושמה בדוח הכספי | Q1: שיעור מנכסי אפיק ההשקעה | R1: שיעור מסך נכסי ההשקעה
A2: 274 | B2: 274 | C2: נייר ריבית על העו"ש לקבל | D2: 1111115 | E2: הכנסות עו"ש לקבל | F2: ישראל | G2: ישראל | H2: לא | I2: 46203 | J2: ILS | K2: 46203 | L2: 215.61001 | M2: 1 | N2: 215.61001 | Q2: 9.9e-05 | R2: 5.2e-05
A3: 274 | B3: 274 | C3: הדסה ס.מ.ישיר 31.03.26 | D3: 7893906 | E3: סיוע ממשלתי | F3: ישראל | G3: ישראל | H3: לא | I3: 37668 | J3: ILS | K3: 46203 | L3: 2096026.9 | M3: 1 | N3: 2096026.9 | Q3: 0.96848 | R3: 0.511399
A4: 274 | B4: 274 | C4: התח.ממש.אי העלאת ג.פרישה נשים | D4: 7900000 | E4: התחייבות הממשלה בגין אי העלאת גיל הפרישה לנשים | F4: ישראל | G4: ישראל | H4: לא | I4: 39658 | J4: ILS | K4: 46203 | L4: 68000 | M4: 1 | N4: 68000 | Q4: 0.031419 | R4: 0.01659

Sheet מסגרות אשראי
A1: מספר קופה/קרן/ח.פ. עבור חברת ביטוח | B1: מספר מסלול | C1: מספר מזהה לווה | D1: סוג מספר מזהה לווה | E1: שם הלוואה | F1: מספר הלוואה | G1: תאריך העמדת מסגרת אשראי | H1: ישראל/חו"ל | I1: מדינה לפי חשיפה כלכלית | J1: בעל עניין/צד קשור | K1: דירוג | L1: שם מדרג | M1: דירוג הלוואה/המנפיק | N1: מטבע פעילות | O1: שער חליפין | P1: שיעור ריבית | Q1: סוג הריבית | R1: סכום מסגרת האשראי הראשוני (במטבע הפעילות) | S1: סכום מסגרת האשראי הראשוני (באלפי ש"ח) | T1: שיעור יתרת מסגרת אשראי
A2: 274 | B2: 274 | F2: 72002000 | G2: 45918 | H2: ישראל | J2: לא | K2: Aa3.il | L2: מידרוג Moodys | M2: מנפיק | N2: ILS | O2: 1 | P2: 0.009 | Q2: קבועה | R2: 45.025 | S2: 45.025 | T2: 0.04555
A3: 274 | B3: 274 | F3: 72002005 | G3: 45918 | H3: ישראל | J3: לא | K3: Aa3.il | L3: מידרוג Moodys | M3: מנפיק | N3: ILS | O3: 1 | P3: 0.009 | Q3: קבועה | R3: 50.372 | S3: 50.372 | T3: 0.02495
A4: 274 | B4: 274 | F4: 72002006 | G4: 45918 | H4: ישראל | J4: לא | K4: Aa3.il | L4: מידרוג Moodys | M4: מנפיק | N4: ILS | O4: 1 | P4: 0.009 | Q4: קבועה | R4: 42.493 | S4: 42.493 | T4: 0.00040006589
A5: 274 | B5: 274 | F5: 72002007 | G5: 45918 | H5: ישראל | J5: לא | K5: Aa3.il | L5: מידרוג Moodys | M5: מנפיק | N5: ILS | O5: 1 | P5: 0.009 | Q5: קבועה | R5: 28.704 | S5: 28.704 | T5: 3.483835e-05
A6: 274 | B6: 274 | F6: 72002008 | G6: 45918 | H6: ישראל | J6: לא | K6: Aa3.il | L6: מידרוג Moodys | M6: מנפיק | N6: ILS | O6: 1 | P6: 0.009 | Q6: קבועה | R6: 40.804 | S6: 40.804 | T6: 0.00725
A7: 274 | B7: 274 | F7: 71000200 | G7: 44858 | H7: ישראל | J7: לא | K7: Aa3.il | L7: מידרוג Moodys | M7: מנפיק | N7: ILS | O7: 1 | P7: 0.009 | Q7: קבועה | R7: 3.596726 | S7: 3.596726 | T7: 1
A8: 274 | B8: 274 | F8: 71000201 | G8: 44858 | H8: ישראל | J8: לא | K8: Aa3.il | L8: מידרוג Moodys | M8: מנפיק | N8: ILS | O8: 1 | P8: 0.009 | Q8: קבועה | R8: 3.290266 | S8: 3.290266 | T8: 1
A9: 274 | B9: 274 | F9: 71000202 | G9: 44858 | H9: ישראל | J9: לא | K9: Aa3.il | L9: מידרוג Moodys | M9: מנפיק | N9: ILS | O9: 1 | P9: 0.009 | Q9: קבועה | R9: 4.52725 | S9: 4.52725 | T9: 1
A10: 274 | B10: 274 | F10: 71000203 | G10: 44858 | H10: ישראל | J10: לא | K10: Aa3.il | L10: מידרוג Moodys | M10: מנפיק | N10: ILS | O10: 1 | P10: 0.009 | Q10: קבועה | R10: 2.518544 | S10: 2.518544 | T10: 1
A11: 274 | B11: 274 | F11: 71000204 | G11: 44858 | H11: ישראל | J11: לא | K11: Aa3.il | L11: מידרוג Moodys | M11: מנפיק | N11: ILS | O11: 1 | P11: 0.009 | Q11: קבועה | R11: 2.822218 | S11: 2.822218 | T11: 1
A12: 274 | B12: 274 | F12: 72003000 | G12: 45918 | H12: ישראל | J12: לא | K12: Aa3.il | L12: מידרוג Moodys | M12: מנפיק | N12: ILS | O12: 1 | P12: 0.009 | Q12: קבועה | R12: 15.133 | S12: 15.133 | T12: 1
A13: 274 | B13: 274 | F13: 72003001 | G13: 45918 | H13: ישראל | J13: לא | K13: Aa3.il | L13: מידרוג Moodys | M13: מנפיק | N13: ILS | O13: 1 | P13: 0.009 | Q13: קבועה | R13: 16.228 | S13: 16.228 | T13: 1
... A16: 274 | B16: 274 | F16: 72003004 | G16: 45918 | H16: ישראל | J16: לא | K16: Aa3.il | L16: מידרוג Moodys | M16: מנפיק | N16: ILS | O16: 1 | P16: 0.009 | Q16: קבועה | R16: 14.391 | S16: 14.391 | T16: 1

Sheet יתרות התחייבות להשקעה
A1: מספר קופה/קרן/ח.פ. עבור חברת ביטוח | B1: מספר מסלול | C1: מאפיין עיקרי | D1: שם שותף כללי קרן השקעות | E1: מספר מזהה שותף כללי קרן השקעות | F1: סוג מספר מזהה שותף כללי קרן השקעות | G1: שם קרן השקעה | H1: מספר מזהה קרן השקעה | I1: סוג מספר מזהה קרן השקעות | J1: מטבע פעילות | K1: תאריך העמדת התחייבות לקרן השקעה | L1: סכום המחויבות הראשוני (במטבע הדיווח של קרן ההשקעה) | M1: סכום המחויבות הראשוני (באלפי ש"ח) | N1: יתרת המחויבות לתקופת הדיווח (במטבע הדיווח של קרן ההשקעה) | O1: יתרת המחויבות לתקופת הדיווח (באלפי ש"ח) | P1: שיעור יתרת המחויבות | Q1: תאריך פקיעת מחויבות להשקעה
A2: 274 | B2: 274

Sheet אפשרויות בחירה
A1: שם גיליון (רלוונטי לגיליונות עם עמודה "מאפיין עיקרי") | B1: שם עמודה | C1: אפשרות בחירה | D1: שם רשימה | E1: הערות והסברים
B2: ישראל/חו"ל | C2: ישראל | D2: ישראל/חו"ל
C3: חו"ל
B4: מדינה לפי חשיפה כלכלית, מדינת התאגדות קרן השקעה, מיקום משרד השותף הכללי, מדינת מיקום נדל"ן | C4: ישראל | D4: מדינות
C5: אוסטריה
C6: אוסטרליה
C7: אזור תעלת פנמה
C8: אזרביג'אן
C9: איחוד האמירויות הערביות
C10: איטליה
C11: איי הבתולה הבריטיים | F11: נוסף במסגרת עדכון הרשימה
C12: איי הבתולה של ארצות הברית | F12: נוסף במסגרת עדכון הרשימה
C13: איי סיישל
C14: איי קיימן
C15: איי שלמה הבריטיים
C16: איסלנד
C17: אירלנד
C18: אנדורה
C19: אסטוניה
C20: ארגנטינה
C21: ארה"ב
C22: אתיופיה
C23: בהמס
C24: בולגריה
... C35: גרמניה
C36: ג'רזי (Jersey) | F36: נוסף במסגרת עדכון הרשימה
C37: גרנזי (Guernsey) | F37: נוסף במסגרת עדכון הרשימה
C38: דנמרק
C39: דרום אפריקה
C40: דרום קוריאה | F40: נוסף במסגרת עדכון הרשימה
C41: הודו
C42: הולנד
C43: הונג קונג
C44: הונגריה
C45: הונדורס
C46: טייוואן | F46: נוסף במסגרת עדכון הרשימה
C47: יוון
C48: יפן
C49: ירדן
C50: לוכסמבורג
C51: לטביה
C52: ליטא
C53: ליכטנשטיין
C54: מאוריציוס
C55: מולדובה
C56: מונקו
C57: מלדיבים
C58: מלטה
... C62: מרוקו
C63: נורבגיה | F63: נוסף במסגרת עדכון הרשימה
C64: ניו זילנד
C65: סין
C66: סינגפור
C67: סלובניה
C68: סלובקיה
C69: ספרד
C70: סרביה
C71: ערב הסעודית
C72: פולין
C73: פורטוגל
C74: פינלנד
C75: פנמה
... C93: גלובלי
C94: Emerging Markets - Americas | E94: שווקים מתעוררים לפי הגדרת MSCI | F94: נוסף במסגרת עדכון הרשימה
C95: Emerging Markets - Europe, Middle East & Africa | E95: לפי הגדרת MSCI | F95: נוסף במסגרת עדכון הרשימה
C96: Emerging Markets - Asia | E96: לפי הגדרת MSCI | F96: נוסף במסגרת עדכון הרשימה
C97: Developed Markets - Americas | E97: לפי הגדרת MSCI | F97: נוסף במסגרת עדכון הרשימה
C98: Developed Markets - Europe | E98: לפי הגדרת MSCI | F98: נוסף במסגרת עדכון הרשימה
C99: Developed Markets - Pacific | E99: לפי הגדרת MSCI | F99: נוסף במסגרת עדכון הרשימה
C100: Frontier Markets - Europe | E100: לפי הגדרת MSCI | F100: נוסף במסגרת עדכון הרשימה
C101: Frontier Markets - Africa | E101: לפי הגדרת MSCI | F101: נוסף במסגרת עדכון הרשימה
C102: Frontier Markets - Middle East | E102: לפי הגדרת MSCI | F102: נוסף במסגרת עדכון הרשימה
C103: Frontier Markets - Asia | E103: לפי הגדרת MSCI | F103: נוסף במסגרת עדכון הרשימה
B104: סוג מספר מזהה מנפיק | C104: ח.פ. | D104: סוג מספר מזהה מנפיק
C105: מספר מנפיק
C106: מספר שותפות
C107: מספר תאגיד או שותפות בחו"ל
C108: פנימי
C109: LEI
C110: אחר
B111: סוג מספר מזהה בנק | C111: ח.פ. | D111: סוג מספר מזהה בנק
C112: סימול בנק
C113: SWIFT
B114: סוג מספר מזהה שותף כללי קרן השקעות | C114: ח.פ. | D114: סוג מספר מזהה שותף כללי קרן השקעות
C115: מספר שותפות
C116: מספר תאגיד או שותפות בחו"ל
C117: LEI
B118: סוג מספר מזהה לווה | C118: ח.פ. | D118: סוג מספר מזהה לווה
C119: מרשם
C120: מספר תאגיד או שותפות בחו"ל
C121: פנימי
C122: מספר שותפות
C123: ת"ז
C124: דרכון
C125: LEI
C126: אחר
B127: סוג מספר נייר ערך | C127: ISIN | D127: סוג מספר נייר ערך
C128: OCC
C129: FIGI
C130: טיקר
...

Sheet מיפוי סעיפים
A1: שם גיליון | B1: שם סעיף | C1: מספר סעיף | D1: מידע שניתן לדווח רק לרשות
A2: מזומנים ושווי מזומנים | B2: מספר קופה/קרן/ח.פ. עבור חברת ביטוח | C2: 5.1
A3: מזומנים ושווי מזומנים | B3: מספר מסלול | C3: 5.2
A4: מזומנים ושווי מזומנים | B4: שם הבנק | C4: 5.4
A5: מזומנים ושווי מזומנים | B5: מספר מזהה בנק | C5: 5.7
A6: מזומנים ושווי מזומנים | B6: סוג מספר מזהה בנק | C6: 5.11
A7: מזומנים ושווי מזומנים | B7: מאפיין עיקרי | C7: 5.26
A8: מזומנים ושווי מזומנים | B8: ישראל/חו"ל | C8: 5.27
A9: מזומנים ושווי מזומנים | B9: בעל עניין/צד קשור | C9: 5.36
A10: מזומנים ושווי מזומנים | B10: דירוג הבנק | C10: 5.5
A11: מזומנים ושווי מזומנים | B11: שם מדרג | C11: 5.51
A12: מזומנים ושווי מזומנים | B12: מטבע פעילות | C12: 5.53
A13: מזומנים ושווי מזומנים | B13: שווי מטבעי | C13: 5.59
A14: מזומנים ושווי מזומנים | B14: שער חליפין | C14: 5.54
A15: מזומנים ושווי מזומנים | B15: שיעור ריבית | C15: 5.7 | D15: ü
A16: מזומנים ושווי מזומנים | B16: שווי הוגן (באלפי ש"ח) | C16: 5.63
A17: מזומנים ושווי מזומנים | B17: שיעור מנכסי אפיק ההשקעה | C17: 5.47
A18: מזומנים ושווי מזומנים | B18: שיעור מסך נכסי ההשקעה | C18: 5.48
A19: מזומנים ושווי מזומנים
A20: איגרות חוב ממשלתיות | B20: מספר קופה/קרן/ח.פ. עבור חברת ביטוח | C20: 5.1
A21: איגרות חוב ממשלתיות | B21: מספר מסלול | C21: 5.2
A22: איגרות חוב ממשלתיות | B22: שם מנפיק | C22: 5.3
A23: איגרות חוב ממשלתיות | B23: שם נייר ערך | C23: 5.14
A24: איגרות חוב ממשלתיות | B24: מספר נייר ערך | C24: 5.19
A25: איגרות חוב ממשלתיות | B25: מאפיין עיקרי | C25: 5.26
A26: איגרות חוב ממשלתיות | B26: ישראל/חו"ל | C26: 5.27
A27: איגרות חוב ממשלתיות | B27: מדינה לפי חשיפה כלכלית | C27: 5.28
A28: איגרות חוב ממשלתיות | B28: זירת מסחר | C28: 5.3
A29: איגרות חוב ממשלתיות | B29: דירוג | C29: 5.49
A30: איגרות חוב ממשלתיות | B30: שם מדרג | C30: 5.51
A31: איגרות חוב ממשלתיות | B31: מטבע פעילות | C31: 5.53
... A45: איגרות חוב ממשלתיות | B45: שיעור מסך נכסי ההשקעה | C45: 5.48
A46: איגרות חוב ממשלתיות
A47: ניירות ערך מסחריים | B47: מספר קופה/קרן/ח.פ. עבור חברת ביטוח | C47: 5.1
A48: ניירות ערך מסחריים | B48: מספר מסלול | C48: 5.2
A49: ניירות ערך מסחריים | B49: שם מנפיק | C49: 5.3
A50: ניירות ערך מסחריים | B50: מספר מנפיק | C50: 5.6
A51: ניירות ערך מסחריים | B51: סוג מספר מזהה מנפיק | C51: 5.1
A52: ניירות ערך מסחריים | B52: שם נייר ערך | C52: 5.14
A53: ניירות ערך מסחריים | B53: מספר נייר ערך | C53: 5.19
A54: ניירות ערך מסחריים | B54: סוג מספר נייר ערך | C54: 5.24
A55: ניירות ערך מסחריים | B55: מאפיין עיקרי | C55: 5.26
A56: ניירות ערך מסחריים | B56: ישראל/חו"ל | C56: 5.27
A57: ניירות ערך מסחריים | B57: מדינה לפי חשיפה כלכלית | C57: 5.28
A58: ניירות ערך מסחריים | B58: זירת מסחר | C58: 5.3
... A70: ניירות ערך מסחריים | B70: נחיתות חוזית | C70: 5.76
A71: ניירות ערך מסחריים | B71: האם סווג כחוב בעייתי | C71: 5.89 | D71: ü
A72: ניירות ערך מסחריים | B72: ערך נקוב (יחידות) | C72: 5.58
A73: ניירות ערך מסחריים | B73: סכום לקבל (במטבע הפעילות) | C73: 5.62
A74: ניירות ערך מסחריים | B74: שער חליפין | C74: 5.54
A75: ניירות ערך מסחריים | B75: שער נייר הערך | C75: 5.55
A76: ניירות ערך מסחריים | B76: שווי הוגן (באלפי ש"ח) | C76: 5.63
A77: ניירות ערך מסחריים | B77: עלות מופחתת (באלפי ש"ח) | C77: 5.65
A78: ניירות ערך מסחריים | B78: עלות מופחתת (במטבע הפעילות) | C78: 5.66
A79: ניירות ערך מסחריים | B79: השיטה שיושמה בדוח הכספי | C79: 5.68
A80: ניירות ערך מסחריים | B80: שיעור מערך נקוב מונפק | C80: 5.45
A81: ניירות ערך מסחריים | B81: שיעור מנכסי אפיק ההשקעה | C81: 5.47
A82: ניירות ערך מסחריים | B82: שיעור מסך נכסי ההשקעה | C82: 5.48
A83: ניירות ערך מסחריים
A84: איגרות חוב | B84: מספר קופה/קרן/ח.פ. עבור חברת ביטוח | C84: 5.1
A85: איגרות חוב | B85: מספר מסלול | C85: 5.2
A86: איגרות חוב | B86: שם מנפיק | C86: 5.3
A87: איגרות חוב | B87: מספר מנפיק | C87: 5.6
A88: איגרות חוב | B88: סוג מספר מזהה מנפיק | C88: 5.1
A89: איגרות חוב | B89: שם נייר ערך | C89: 5.14
A90: איגרות חוב | B90: מספר נייר ערך | C90: 5.19
A91: איגרות חוב | B91: סוג מספר נייר ערך | C91: 5.24
A92: איגרות חוב | B92: מאפיין עיקרי | C92: 5.26
A93: איגרות חוב | B93: ישראל/חו"ל | C93: 5.27
A94: איגרות חוב | B94: מדינה לפי חשיפה כלכלית | C94: 5.28
A95: איגרות חוב | B95: סטאטוס סחירות | C95: 5.29
... A107: איגרות חוב | B107: נחיתות חוזית | C107: 5.76
A108: איגרות חוב | B108: האם סווג כחוב בעייתי | C108: 5.89 | D108: ü
A109: איגרות חוב | B109: ערך נקוב (יחידות) | C109: 5.58
A110: איגרות חוב | B110: סכום לקבל (במטבע הפעילות) | C110: 5.62
A111: איגרות חוב | B111: שער חליפין | C111: 5.54
A112: איגרות חוב | B112: שער נייר הערך | C112: 5.55
A113: איגרות חוב | B113: עלות מופחתת (באלפי ש"ח) | C113: 5.65
A114: איגרות חוב | B114: עלות מופחתת (במטבע הפעילות) | C114: 5.66
A115: איגרות חוב | B115: השיטה שיושמה בדוח הכספי | C115: 5.68
A116: איגרות חוב | B116: שיעור מערך נקוב מונפק | C116: 5.45
A117: איגרות חוב | B117: שיעור מנכסי אפיק ההשקעה | C117: 5.47
A118: איגרות חוב | B118: שיעור מסך נכסי ההשקעה | C118: 5.48
A119: איגרות חוב
A120: מניות מבכ ויהש | B120: מספר קופה/קרן/ח.פ. עבור חברת ביטוח | C120: 5.1
A121: מניות מבכ ויהש | B121: מספר מסלול | C121: 5.2
A122: מניות מבכ ויהש | B122: שם מנפיק | C122: 5.3
A123: מניות מבכ ויהש | B123: מספר מנפיק | C123: 5.6
A124: מניות מבכ ויהש | B124: סוג מספר מזהה מנפיק | C124: 5.1
A125: מניות מבכ ויהש | B125: שם נייר ערך | C125: 5.14
A126: מניות מבכ ויהש | B126: מספר נייר ערך | C126: 5.19
A127: מניות מבכ ויהש | B127: סוג מספר נייר ערך | C127: 5.24
A128: מניות מבכ ויהש | B128: מאפיין עיקרי | C128: 5.26
A129: מניות מבכ ויהש | B129: ישראל/חו"ל | C129: 5.27
A130: מניות מבכ ויהש | B130: מדינה לפי חשיפה כלכלית | C130: 5.28
A131: מניות מבכ ויהש | B131: סטאטוס סחירות | C131: 5.29
... A143: מניות מבכ ויהש | B143: שיעור מסך נכסי ההשקעה | C143: 5.48
A144: מניות מבכ ויהש
A145: קרנות סל | B145: מספר קופה/קרן/ח.פ. עבור חברת ביטוח | C145: 5.1
A146: קרנות סל | B146: מספר מסלול | C146: 5.2
...

Sheet File Name Info
A2: סוג קובץ
A3: נכסי מבוטחים - חברת ביטוח | B3: in
A4: נכסי עמיתים - קופות גמל | B4: gm
A5: נכסי עמיתים - קרנות פנסיה | B5: pn
A6: נכסי אפיק השקעה מובטח תשואה | B6: ca
A7: נכסי נוסטרו - חברת ביטוח | B7: ni
A8: נכסי נוסטרו - חברה מנהלת | B8: nf
A10: יעוד הקובץ
A11: לממונה
A12: לציבור | B12: p
A15: רבעון
A16: 01
A17: 02
A18: 03
A19: 04
A21: שנה
A22: 2022 | B22: 22
A23: 2023 | B23: 23
A24: 2024 | B24: 24
A25: 2025 | B25: 25
A26: 2026 | B26: 26
A27: 2027 | B27: 27
A28: 2028 | B28: 28
A29: 2029 | B29: 29
A30: 2030 | B30: 30
A31: 2031 | B31: 31
A34: שם גוף מוסדי | B34: ח.פ.
A35: הפניקס חברה לביטוח בע"מ | B35: 520023185
A36: כלל חברה לביטוח בע"מ | B36: 520024647
A37: מגדל חברה לביטוח בע"מ | B37: 520004896
A38: מנורה מבטחים ביטוח בע"מ | B38: 520042540
A39: אשרא החברה הישראלית לביטוח סיכוני סחר חוץ בע"מ | B39: 520021916
A40: שומרה חברה לביטוח בע"מ | B40: 510015951
A41: כלל ביטוח אשראי בע"מ | B41: 510888985
A42: הכשרה חברה לביטוח בע"מ | B42: 520042177
A43: ענבל חברה לביטוח בע"מ | B43: 520031030
A44: איילון חברה לביטוח בע"מ | B44: 520030677
A45: ש. שלמה חברה לביטוח בע"מ | B45: 513879189
A46: קנט - קרן לביטוח נזקי טבע בחקלאות | B46: 520027848
... A130: אקטיון בע"מ | B130: 515977338
